 Dungeon Crawl Stone Soup version 0.23.0 (webtiles) character file.

Game seed: 9357572526321994096

1784852 rednecknazgul the Politician (level 27, -5/191 HPs)
             Began as a Vine Stalker Fighter on Feb 16, 2019.
             Was an Initiate of Gozag.
             Slain by an emperor scorpion (30 damage)
             ... on level 16 of a ziggurat on Feb 17, 2019.
             The game lasted 06:09:42 (131460 turns).

rednecknazgul the Politician (VSFi)               Turns: 131460, Time: 06:09:42

Health: -5/191     AC: 13    Str: 35 (40) XL:     27
Magic:  0/64       EV: 32    Int: 14 (16) God:    Gozag
Gold:   23854      SH: 30    Dex: 22 (23) Spells: 57/80 levels left

rFire    + + +     SeeInvis .   Q - +12 Vampire's Tooth {vamp}
rCold    + + +     Gourm    .   K - +0 large shield of Defiance {rF+ rC+ rN+ MP+9}
rNeg     + + +     Faith    .   V - +12 gold dragon scales
rPois    +         Spirit   +   T - -2 hat of the Alchemist {rElec rPois rF+ rC+ rN+ MR+ rMut rCorr}
rElec    +         Reflect  .   G - +4 dragonskin cloak
rCorr    +         Harm     .   H - +0 pair of gloves of Uhorphey {MR++ Str+4 Int+3 Dex+3}
rMut     +         Clarity  +   m - +2 pair of boots of the Assassin {Detection Stab+ Stlth++}
MR       +++++     NoTele   +   S - amulet of the Four Winds {rN+ MR+++ Clar}
Stlth    +++++++...             O - ring of the Tarantula {rF+ MR+ EV+2}
HPRegen  1.21/turn              b - ring of the Good {-Tele rC+++ EV-5 Slay+6}
MPRegen  0.39/turn

@: mighty, brilliant, agile, lethally poisoned (-5 -> -20), resistant, corroded,
flying, hasted and slowed, studying 2 skills
A: fangs 3, regeneration 2, robust 1, magic shield, antimagic bite, no potion
heal 3, rot immunity, sturdy frame 1
}: 15/15 runes: decaying, serpentine, slimy, silver, golden, iron, obsidian,
icy, bone, abyssal, demonic, glowing, magical, fiery, dark
a: Potion Petition, Call Merchant, Bribe Branch, Renounce Religion


You were on level 16 of a ziggurat.
You worshipped Gozag.
Gozag was extremely pleased with you.
You were not hungry.

You visited 17 branches of the dungeon, and saw 86 of its levels.
You visited Pandemonium 1 time, and saw 18 of its levels.
You visited the Abyss 1 time.
You visited 3 ziggurats (completing 2), and saw 70 of their levels.

You collected 112307 gold pieces.
You spent 3384 gold pieces at shops.
You paid 85069 gold pieces to Gozag.

Inventory:

Hand Weapons
 u - a +2 scimitar of venom
 A - a +3 shortbow of freezing
 B - a +0 arbalest
 M - the +8 demon trident "Rift" {distort, reach+}
   (You found it on level 15 of a ziggurat)

   It warps and distorts space around it.
   Unwielding it can cause banishment or high damage.
 Q - the +12 Vampire's Tooth (weapon) {vamp}
   (You took it off a frost giant on level 7 of Cocytus)

   It inflicts no extra harm, but heals its wielder when it wounds a living foe.
 W - a +1 battleaxe of freezing
 X - a +0 fustibalus
 Y - a +4 scythe of flaming
 Z - the cursed +0 great mace "Ziufron" {venom, Str+2, unknown}
   (You found it on level 2 of a ziggurat)

   It poisons the flesh of those it strikes.
   It affects your strength (+2).
   It has a curse placed upon it.
Armour
 m - the +2 pair of boots of the Assassin (worn) {Detection Stab+ Stlth++}
   (You found it on level 22 of a ziggurat)

   It makes you much more stealthy.
 G - the +4 dragonskin cloak (worn)
   (You took it off Tiamat on level 3 of the Realm of Zot)
 H - the +0 pair of gloves of Uhorphey (worn) {MR++ Str+4 Int+3 Dex+3}
   (You bought it in a shop on level 6 of the Lair of Beasts)

   It affects your strength (+4).
   It affects your intelligence (+3).
   It affects your dexterity (+3).
   It affects your resistance to hostile enchantments.
 K - the +0 large shield of Defiance (worn) {rF+ rC+ rN+ MP+9}
   (You took it off a daeva in Pandemonium)

   It protects you from fire.
   It protects you from cold.
   It protects you from negative energy.
   It affects your magic capacity (+9).
 L - a +2 pair of boots of flying
 T - the -2 hat of the Alchemist (worn) {rElec rPois rF+ rC+ rN+ MR+ rMut rCorr}
   (You found it on level 2 of the Depths)

   It protects you from fire.
   It protects you from cold.
   It insulates you from electricity.
   It protects you from poison.
   It protects you from negative energy.
   It affects your resistance to hostile enchantments.
   It provides partial protection from all sources of acid and corrosion.
   It protects you from mutation.
 V - +12 gold dragon scales (worn)
Magical Staves
 t - an uncursed staff of summoning {unknown}
Jewellery
 b - the ring of the Good (right hand) {-Tele rC+++ EV-5 Slay+6}
   (You found it on level 10 of a ziggurat)

   [ring of evasion]

   It affects your evasion (-5).
   It affects your accuracy and damage with ranged weapons and melee attacks
   (+6).
   It renders you almost immune to cold.
   It prevents most forms of teleportation.
 O - the ring of the Tarantula (left hand) {rF+ MR+ EV+2}
   (You took it off a deep elf elementalist on level 3 of the Elven Halls)

   [ring of evasion]

   It affects your evasion (+2).
   It protects you from fire.
   It affects your resistance to hostile enchantments.
 S - the amulet of the Four Winds (around neck) {rN+ MR+++ Clar}
   (You found it on level 22 of a ziggurat)

   [amulet of nothing]

   It protects you from negative energy.
   It affects your resistance to hostile enchantments.
   It protects you against confusion.
Wands
 k - a wand of digging (14)
Scrolls
 c - 2 scrolls of summoning
 d - 29 scrolls of blinking
 e - 11 scrolls of silence
 i - 12 scrolls of vulnerability
 n - 9 scrolls of fear
 o - 22 scrolls of enchant armour
 p - 36 scrolls of fog
 q - 4 scrolls of brand weapon
 r - 69 scrolls of remove curse
 v - 29 scrolls of identify
 x - 73 scrolls of teleportation
 y - a scroll of acquirement
 I - 26 scrolls of magic mapping
 P - 10 scrolls of holy word
Potions
 g - 5 potions of resistance
 h - 7 potions of cancellation
 j - 7 potions of flight
 l - 9 potions of magic
 s - a potion of haste
 w - 5 potions of invisibility
 z - 11 potions of experience
 C - 28 potions of mutation
 D - 52 potions of curing
 J - 6 potions of berserk rage
Books
 a - a manual of Dodging
 F - a manual of Invocations
 N - a manual of Axes
Miscellaneous
 E - a +2 figurine of a ziggurat
Comestibles
 f - 71 rations


   Skills:
 O Level 27 Fighting
 O Level 27 Short Blades
 + Level 4.5(19.1) Long Blades
 + Level 4.7(9.6) Axes
 + Level 11.8(12.5) Maces & Flails
 + Level 4.7(6.5) Polearms
 + Level 4.7(9.6) Staves
 + Level 4.7(16.9) Slings
 + Level 11.9 Bows
 + Level 13.0 Crossbows
 + Level 23.7(23.9) Throwing
 O Level 27 Armour
 O Level 27 Dodging
 O Level 27 Stealth
 O Level 27 Shields
 O Level 27 Unarmed Combat
 O Level 27 Spellcasting
 + Level 5.3 Conjurations
 + Level 5.4 Hexes
 + Level 14.6 Charms
 + Level 14.5 Summonings
 + Level 5.3 Necromancy
 + Level 5.2 Translocations
 + Level 5.3 Transmutations
 + Level 5.2 Fire Magic
 + Level 5.1 Ice Magic
 + Level 5.1 Air Magic
 + Level 5.2 Earth Magic
 + Level 18.0 Poison Magic
 + Level 8.9 Invocations
 + Level 22.8 Evocations


You had 57 spell levels left.
You knew the following spells:

 Your Spells              Type           Power        Failure   Level  Hunger
a - Infusion              Chrm           ####         0%          1    None
b - Sting                 Conj/Pois      ####         1%          1    None
c - Summon Butterflies    Summ           ######..     0%          1    None
d - Poisonous Vapours     Pois/Air       ######       1%          2    None
e - Shroud of Golubria    Chrm/Tloc      ######....   1%          2    None
f - Ignite Poison         Fire/Tmut/Pois ######..     1%          3    None
g - Spectral Weapon       Hex/Chrm       ######..     1%          3    None
h - Recall                Summ/Tloc      N/A          1%          3    None
i - Ozocubu's Armour      Chrm/Ice       ######..     1%          3    None
j - Sandblast             Erth           #####.       1%          1    None
k - Regeneration          Chrm/Necr      ######....   1%          3    None

Your spell library contained the following spells:

 Spells                   Type           Power        Failure   Level  Hunger
 Summon Small Mammal      Summ           ####         0%          1    None
 Call Imp                 Summ           ######..     0%          2    None
 Song of Slaying          Chrm           ######..     0%          2    None
 Animate Skeleton         Necr           N/A          1%          1    None
 Apportation              Tloc           #####.       1%          1    None
 Beastly Appendage        Tmut           #####.       1%          1    None
 Confusing Touch          Hex            #####.       1%          1    None
 Corona                   Hex            #####..      1%          1    None
 Flame Tongue             Conj/Fire      #####        1%          1    None
 Freeze                   Ice            ####         1%          1    None
 Magic Dart               Conj           ####         1%          1    None
 Pain                     Necr           ####         1%          1    None
 Shock                    Conj/Air       ####         1%          1    None
 Blink                    Tloc           N/A          1%          2    None
 Corpse Rot               Necr           N/A          1%          2    None
 Ensorcelled Hibernation  Hex/Ice        #####.       1%          2    None
 Passwall                 Tmut/Erth      #####...     1%          2    None
 Searing Ray              Conj           #####.       1%          2    None
 Slow                     Hex            #####...     1%          2    None
 Sticks to Snakes         Tmut           #####...     1%          2    None
 Sublimation of Blood     Necr           #####.....   1%          2    None
 Swiftness                Chrm/Air       ######..     1%          2    None
 Throw Flame              Conj/Fire      #####.       1%          2    None
 Throw Frost              Conj/Ice       #####.       1%          2    None
 Call Canine Familiar     Summ           ######..     1%          3    None
 Confuse                  Hex            #####...     1%          3    None
 Conjure Flame            Conj/Fire      #####...     1%          3    None
 Dazzling Spray           Conj/Hex       #####.       1%          3    None
 Gell's Gravitas          Tloc           #####.....   1%          3    None
 Inner Flame              Hex/Fire       #####...     1%          3    None
 Lesser Beckoning         Tloc           #####.....   1%          3    None
 Mephitic Cloud           Conj/Pois/Air  ######..     1%          3    None
 Portal Projectile        Hex/Tloc       #####.       1%          3    None
 Spider Form              Tmut/Pois      ######....   1%          3    None
 Static Discharge         Conj/Air       #####...     1%          3    None
 Stone Arrow              Conj/Erth      #####.       1%          3    None
 Summon Guardian Golem    Hex/Summ       ######..     1%          3    None
 Teleport Other           Tloc           #####...     1%          3    None
 Tukima's Dance           Hex            #####...     1%          3    None
 Vampiric Draining        Necr           #####.....   1%          3    None
 Airstrike                Air            #####.....   1%          4    None
 Animate Dead             Necr           N/A          1%          4    None
 Cause Fear               Hex            #####.....   1%          4    None
 Force Lance              Conj/Tloc      #####...     1%          4    None
 Fulminant Prism          Conj/Hex       #####.....   1%          4    None
 Ice Form                 Ice/Tmut       #####...     1%          4    None
 Iskenderun's Mystic Bla  Conj           #####...     1%          4    None
 Leda's Liquefaction      Hex/Erth       #####.....   1%          4    None
 Olgreb's Toxic Radiance  Pois           ######..     1%          4    None
 Passage of Golubria      Tloc           N/A          1%          4    None
 Petrify                  Tmut/Erth      #####...     1%          4    None
 Sticky Flame             Conj/Fire      #####...     1%          4    None
 Summon Ice Beast         Ice/Summ       ######..     1%          4    None
 Summon Lightning Spire   Summ/Air       ######..     1%          4    None
 Throw Icicle             Conj/Ice       #####...     1%          4    None
 Alistair's Intoxication  Tmut/Pois      ######..     1%          5    ##.....
 Aura of Abjuration       Summ           ######....   1%          5    ##.....
 Excruciating Wounds      Chrm/Necr      ######....   1%          5    ##.....
 Iskenderun's Battlesphe  Conj/Chrm      ######..     1%          5    ##.....
 Summon Demon             Summ           ######....   1%          5    ##.....
 Summon Forest            Summ/Tloc      ######....   1%          5    ##.....
 Summon Mana Viper        Hex/Summ       ######..     1%          5    ##.....
 Venom Bolt               Conj/Pois      ######....   1%          5    ##.....
 Deflect Missiles         Chrm/Air       ######....   1%          6    ####...
 Poison Arrow             Conj/Pois      ######....   1%          6    ####...
 Shadow Creatures         Summ           N/A          1%          6    ####...
 Monstrous Menagerie      Summ           ######....   1%          7    ######.
 Summon Greater Demon     Summ           ######....   1%          7    ######.
 Summon Hydra             Summ           ######....   1%          7    ######.
 Agony                    Necr           #####...     2%          5    ##.....
 Blade Hands              Tmut           #####.....   2%          5    ##.....
 Bolt of Draining         Conj/Necr      #####.....   2%          5    ##.....
 Bolt of Magma            Conj/Fire/Erth #####.....   2%          5    ##.....
 Borgnjor's Vile Clutch   Necr/Erth      #####.....   2%          5    ##.....
 Dispel Undead            Necr           #####...     2%          5    ##.....
 Fireball                 Conj/Fire      #####.....   2%          5    ##.....
 Irradiate                Conj/Tmut      #####.....   2%          5    ##.....
 Lee's Rapid Deconstruct  Erth           #####.....   2%          5    ##.....
 Lightning Bolt           Conj/Air       #####.....   2%          5    ##.....
 Metabolic Englaciation   Hex/Ice        #####.....   2%          5    ##.....
 Silence                  Hex/Air        #####.....   2%          5    ##.....
 Yara's Violent Unravell  Hex/Tmut       #####.....   2%          5    ##.....
 Haunt                    Necr/Summ      ######....   10%         7    ######.
 Malign Gateway           Summ/Tloc      ######....   10%         7    ######.
 Ring of Flames           Chrm/Fire      ######....   10%         7    ######.
 Spellforged Servitor     Conj/Summ      ######....   10%         7    ######.
 Darkness                 Hex            #####.....   11%         6    ####...
 Invisibility             Hex            #####...     11%         6    ####...
 Summon Horrible Things   Summ           ######....   11%         8    #######
 Bolt of Cold             Conj/Ice       #####.....   12%         6    ####...
 Bolt of Fire             Conj/Fire      #####.....   12%         6    ####...
 Conjure Ball Lightning   Conj/Air       #####.....   12%         6    ####...
 Death Channel            Necr           #####.....   12%         6    ####...
 Dispersal                Tloc           #####.....   12%         6    ####...
 Freezing Cloud           Conj/Ice/Air   #####.....   12%         6    ####...
 Hydra Form               Tmut           #####.....   12%         6    ####...
 Iron Shot                Conj/Erth      #####.....   12%         6    ####...
 Simulacrum               Ice/Necr       #####.....   12%         6    ####...
 Statue Form              Tmut/Erth      #####....    12%         6    ####...
 Ozocubu's Refrigeration  Ice            #####.....   13%         6    ####...
 Dragon Form              Tmut           #####.....   47%         7    ######.
 Orb of Destruction       Conj           #####.....   47%         7    ######.
 Death's Door             Chrm/Necr      ######....   50%         8    #######
 Dragon's Call            Summ           ######....   75%         9    #######
 Borgnjor's Revivificati  Necr           #####.....   96%         8    #######
 Chain Lightning          Conj/Air       #####.....   96%         8    #######
 Discord                  Hex            #####.....   96%         8    #######
 Infestation              Necr           #####.....   96%         8    #######
 Lehudib's Crystal Spear  Conj/Erth      #####.....   96%         8    #######
 Necromutation            Tmut/Necr      #####.....   96%         8    #######
 Controlled Blink         Tloc           N/A          97%         8    #######
 Disjunction              Tloc           #####.....   97%         8    #######
 Ignition                 Fire           #####.....   97%         8    #######
 Fire Storm               Conj/Fire      #####.....   100%        9    #######
 Glaciate                 Conj/Ice       #####.....   100%        9    #######
 Shatter                  Erth           #####.....   100%        9    #######
 Tornado                  Air            #####.....   100%        9    #######


Dungeon Overview and Level Annotations

Branches:
Dungeon (15/15)            Temple (0/1) D:4            Lair (6/6) D:9
  Swamp (4/4) Lair:2        Snake (4/4) Lair:3        Slime (5/5) Lair:6
    Orc (2/2) D:11            Elf (3/3) Orc:2        Vaults (5/5) D:14
  Crypt (3/3) Vaults:3       Tomb (3/3) Crypt:3      Depths (5/5) D:15
   Hell (1/1)                 Dis (7/7) Hell            Geh (7/7) Hell
    Coc (7/7) Hell            Tar (7/7) Hell            Zot (5/5) Depths:5

Altars:
Ashenzari
Dithmenos
Elyvilon
Gozag
Hepliaklqana
Kikubaaqudgha
Makhleb
Nemelex Xobeh
Okawaru
Sif Muna
Uskayaw
Vehumet
Xom
Yredelemnul
Zin
Jiyva

Shops:
D:7 }   D:9 (([   D:11 *[   D:12 (   Orc:2 *=[(=   Elf:1 ::   Elf:2 ***:
Lair:3 [=   Lair:6 =[[   Snake:1 (   Snake:3 =   Vaults:2 :   Vaults:3 *
Vaults:5 *

Portals:
Hell: Depths:1 Depths:2 Depths:3 Depths:4 Depths:5
Abyss: Depths:4 Depths:5
Pandemonium: Depths:2 Depths:3


Innate Abilities, Weirdness & Mutations

You have razor-sharp teeth.
You heal very quickly.
When hurt, damage is shared between your health and your magic reserves.
Your bite disrupts and absorbs the magic of your enemies.
Potions cannot restore your health.
You are immune to rotting.
You are robust. (+10% HP)
Your movements are slightly less encumbered by armour. (ER -2)


Message History

You feel sick.
The tarantella rages.
The emperor scorpion completely misses you.
The emperor scorpion closely misses you.
You block the emperor scorpion's attack.
Something hits you!
* * * LOW HITPOINT WARNING * * *
Something hits you.
* * * LOW HITPOINT WARNING * * *
You feel weakened. You block something's attack.
You feel you are being watched by something.
You block something's attack. Something closely misses you.
Something barely misses you. You block the entropy weaver's attack.
The entropy weaver completely misses you. x2
The entropy weaver hits you but does no damage.
You feel you are being watched by something.
The emperor scorpion stings you!!
You die...
Your body crumbles into a pile of gold.

.......▓▓
(}!..............▓▓
)):.........°.....▓▓
)!?................▓▓
%((..s..ss.s......∩.▓
}}?.s.sswss........▓▓
$[|..ysssyw.......▓▓
):}..ya{sssw.....▓▓
▓!..sss@{{{{....▓▓
▓▓..sawssys{...▓▓
▓▓....{{{s$$.▓▓
▓▓▓▓▓▓▓▓▓▓▓▓▓


You could see 4 emperor scorpions, 2 entropy weavers, 4 torpor snails, 2 demonic
crawlers, 3 moths of wrath, 7 orb spiders, a hornet (berserk), 4 jumping
spiders, 3 tarantellas and 3 redbacks.

Vanquished Creatures
  Cerebov (Pan)
  the Royal Jelly (Slime:5)
  Antaeus (Coc:7)
  Asmodeus (Geh:7)
  Gloorx Vloq (Pan)
  Ereshkigal (Tar:7)
  the Serpent of Hell (Dis:7)
  Lom Lobon (Pan)
  A seraph (Pan)
  Mnoleg (Pan)
  Dispater (Dis:7)
  Tiamat (Zot:3)
  6 orbs of fire
  The ghost of Uneer the Black Belt, a legendary GnFE of Okawaru (Zot:3)
  Mara (Tomb:2)
  19 ancient liches
  Mennas (Vaults:5)
  6 juggernauts
  70 greater mummies
  Boris (Tomb:3)
  15 shard shrikes
  20 Killer Klowns
  Margery (Depths:5)
  Saint Roka (Vaults:2)
  A curse toe (Zot:4)
  14 caustic shrikes
  Geryon (Hell)
  30 golden dragons
  Jory (Tomb:2)
  A golden dragon (shapeshifter) (Depths:5)
  A profane servitor (Crypt:3)
  33 bone dragons
  47 Brimstone Fiends
  4 hellephants
  10 doom hounds
  50 Tzitzimimeh
  8 iron giants
  27 liches
  3 pearl dragons
  18 electric golems
  26 tentacled monstrosities
  25 Orb Guardians (Zot:5)
  34 Hell Sentinels
  55 pandemonium lords
  34 Ice Fiends
  16 deep elf blademasters
  30 titans
  13 quicksilver dragons
  A sphinx (shapeshifter) (Zig:25)
  4 eldritch tentacles
  11 death cobs
  38 Executioners
  27 tentacled starspawn
  Murray (Hell)
  8 tengu reavers
  13 deep elf master archers
  21 ancient champions
  73 acid blobs
  24 sphinxes
  21 shadow dragons
  27 storm dragons
  15 draconian monks
  A shadow dragon (shapeshifter) (Zig:27)
  6 thorn hunters
  2 azure jellies (shapeshifter)
  25 azure jellies
  75 nagarajas
  Roxanne (Snake:2)
  21 daevas
  13 vault wardens
  10 deep elf sorcerers
  34 cacodemons
  9 revenants
  16 frost giants
  22 fire giants
  3 frost giants (shapeshifter)
  24 warmongers
  19 orc warlords
  9 iron dragons
  16 draconian knights
  48 balrugs
  4 emperor scorpions
  6 spriggan defenders
  6 ghouls
  5 ghost moths
  27 draconian scorchers
  9 deep elf elementalists
  25 angels
  2 caustic shrike zombies
  6 juggernaut zombies
  17 draconian shifters
  3 curse skulls
  20 war gargoyles
  14 draconian stormcallers
  An emperor scorpion (shapeshifter) (Zig:25)
  20 draconian annihilators
  21 ironheart preservers
  51 stone giants
  8 elemental wellsprings
  13 blood saints
  4 caustic shrike skeletons
  23 green draconians
  4 juggernaut skeletons
  147 reapers
  15 entropy weavers
  14 bennus
  2 stone giants (shapeshifter)
  39 very ugly things
  24 apis (Pan)
  18 ophanim
  19 black suns
  19 vampire knights
  25 lorocyprocas
  29 corrupters
  26 black draconians
  18 deep elf demonologists
  25 white draconians
  10 dire elephants
  18 yellow draconians
  23 deep elf annihilators
  3 spark wasps (shapeshifter)
  16 spark wasps
  18 red draconians
  An ettin (shapeshifter) (Zig:27)
  46 green deaths
  24 purple draconians
  21 ettins
  5 eidola
  5 crystal guardians
  8 deep elf death magi
  57 blizzard demons
  A merfolk javelineer (Zig:8)
  Snorg (Lair:6)
  7 death oozes
  A merfolk impaler (Abyss:5)
  57 mummy priests
  17 jiangshi
  A spectral kraken (Tar:7)
  4 kraken zombies
  17 fire dragons
  13 deep elf high priests
  7 quicksilver dragon zombies
  Harold (D:8)
  29 yaktaur captains
  15 quicksilver dragon skeletons
  29 great orbs of eyes
  Fannar (D:12)
  36 naga warriors
  7 monstrous demonspawn
  26 ice dragons
  7 hell beasts
  An ice dragon (shapeshifter) (Zig:25)
  Erolcha (D:9)
  7 rakshasas
  4 ghost crabs
  25 vault guards
  56 hydras
  7 catoblepae
  A juggernaut simulacrum (Zig:24)
  11 spriggan air magi
  10 shambling mangroves
  24 alligators
  15 centaur warriors
  22 anacondas
  24 two-headed ogres
  5 tengu warriors
  An anaconda (shapeshifter) (Elf:1)
  8 death knights
  69 death scarabs
  11 deep troll earth magi
  13 ogre magi
  2 two-headed ogres (shapeshifter)
  39 hell hogs
  3 satyrs (Zig:8)
  A queen ant (Lair:4)
  Urug (D:12)
  39 shock serpents
  68 soul eaters
  10 spriggan berserkers
  31 naga sharpshooters
  11 titan zombies
  17 vampire magi
  4 death yaks
  5 deep troll shamans
  Sonja (Lair:1)
  11 storm dragon zombies
  30 thrashing horrors
  43 deep elf knights
  67 sun demons
  Nergalle (D:12)
  9 iron golems
  A fire crab (Zig:11)
  7 iron trolls
  25 orc high priests
  14 shadow wraiths
  13 titan skeletons
  5 salamander mystics
  8 storm dragon skeletons
  3 iron trolls (shapeshifter)
  35 wretched stars
  14 cherubim
  31 deep trolls
  17 golden dragon zombies
  A deep troll (shapeshifter) (Zig:22)
  11 death drakes
  9 sea snakes (Snake:4)
  27 sixfirhies
  67 hell knights
  206 skeletal warriors
  10 torturous demonspawn
  4 unseen horrors
  3 tengu zombies
  12 naga ritualists
  2 sea snakes (shapeshifter)
  The ghost of wolfsongas the Fighter, a novice GrGl of Okawaru (D:7)
  A quicksilver dragon simulacrum (Zig:16)
  An unseen horror (shapeshifter) (Zig:22)
  59 shadow demons
  27 swamp dragons
  8 spriggan druids
  16 anaconda zombies
  6 gelid demonspawn
  2 glowing orange brains (shapeshifter)
  4 ghost moth zombies
  6 spatial maelstroms
  3 kraken simulacra (Coc:7)
  A death drake (shapeshifter) (Zig:10)
  24 flayed ghosts
  13 golden dragon skeletons
  14 wizards
  34 deep elf archers
  11 glowing orange brains
  27 phantasmal warriors
  14 anaconda skeletons
  10 infernal demonspawn
  12 orange crystal statues
  6 harpies
  12 shadow dragon zombies
  21 ironbrand convokers
  22 shining eyes
  8 fire giant zombies
  A harpy (shapeshifter) (Depths:1)
  7 shadow dragon skeletons
  2 orb spiders (shapeshifter)
  3 sphinx zombies
  4 shining eyes (shapeshifter)
  36 necromancers
  10 obsidian statues
  17 wolf spiders
  18 mana vipers
  17 stone giant zombies
  7 orb spiders
  An oklob plant (Lair:5)
  7 wolf spider zombies
  A faun (Zig:8)
  108 deep elf magi
  A mana viper (shapeshifter) (Depths:3)
  2 manticores (D:15)
  A sphinx skeleton (Zig:24)
  2 spectral ettins (Tar:4)
  2 fauns (shapeshifter)
  5 tengu skeletons
  11 iron dragon zombies
  8 frost giant zombies
  8 cyclopes
  29 orc sorcerers
  27 orc knights
  11 worldbinders
  18 salamanders
  A moth of wrath (shapeshifter) (Depths:3)
  42 ugly things
  10 dire elephant zombies
  An elephant (shapeshifter) (Zig:27)
  127 large abominations
  84 black mambas
  2 salamanders (shapeshifter)
  7 iron dragon skeletons
  36 moths of wrath
  55 naga magi
  5 centaur zombies
  12 stone giant skeletons
  5 elephants
  27 guardian serpents
  A guardian serpent (shapeshifter) (Zig:25)
  19 vault sentinels
  13 ice statues
  13 fire giant skeletons
  56 rust devils
  7 frost giant skeletons
  12 torpor snails
  3 shock serpent zombies
  8 titan simulacra
  2 black mambas (shapeshifter)
  15 apocalypse crabs
  11 spectral swamp worms (Tar:7)
  Psyche (D:12)
  2 torpor snails (shapeshifter) (Zig:10)
  10 gargoyles
  2 yaktaur zombies (Hell)
  18 eyes of devastation
  2 molten gargoyles (Geh:7)
  8 spriggan zombies
  8 dire elephant skeletons
  28 orange demons
  110 smoke demons
  3 storm dragon simulacra (Coc:7)
  42 spiny frogs
  A spiny frog (shapeshifter) (Depths:1)
  A shock serpent skeleton (Geh:1)
  7 spriggan skeletons
  45 yaktaurs
  4 catoblepas zombies
  5 emperor scorpion zombies
  6 rime drakes
  A rime drake (shapeshifter) (Elf:3)
  3 kobold demonologists (D:12)
  61 hellions
  A minotaur zombie (Tar:5)
  8 anaconda simulacra
  90 tormentors
  12 efreet
  78 freezing wraiths
  A komodo dragon (shapeshifter) (Depths:3)
  15 komodo dragons
  41 demonic crawlers
  5 human zombies
  A yaktaur skeleton (Zig:3)
  22 ancient zymes
  93 guardian mummies
  37 hellwings
  6 tengu conjurers
  8 jumping spiders
  3 queen bees (shapeshifter)
  2 trolls (shapeshifter)
  23 hydra zombies
  A catoblepas skeleton (Tar:1)
  3 meliai (shapeshifter)
  4 polar bears
  2 merfolk (shapeshifter)
  57 red devils
  A queen bee (D:10)
  17 trolls
  56 ice devils
  8 silent spectres
  Grinder (D:4)
  A death yak skeleton (Crypt:1)
  A wolf spider simulacrum (Crypt:2)
  45 hornets
  A harpy zombie (Tar:7)
  A raiju (shapeshifter) (Zig:15)
  A slime creature (shapeshifter) (Elf:3)
  172 slime creatures
  8 fire dragon zombies
  14 tyrant leeches
  27 bog bodies
  2 harpy skeletons
  A shadow dragon simulacrum (Zig:25)
  9 dream sheep
  16 hydra skeletons
  Prince Ribbit (D:5)
  A blink frog (shapeshifter) (Zig:10)
  13 ettin zombies
  2 stone giant simulacra
  2 deep troll zombies (Hell)
  14 hippogriffs
  27 blink frogs
  12 ice dragon zombies
  12 alligator zombies
  49 raiju
  2 snapping turtles (shapeshifter) (Zig:27)
  3 ice dragon skeletons
  10 black mamba zombies
  2 fire giant simulacra
  A frost giant simulacrum (Coc:6)
  22 water elementals
  A meliai zombie (Crypt:1)
  233 flying skulls
  50 wraiths
  56 shadows
  A centaur simulacrum (D:15)
  8 ettin skeletons
  3 alligator skeletons
  A tarantella (shapeshifter) (Zig:22)
  15 elf zombies
  A shock serpent simulacrum (Abyss:5)
  A redback (shapeshifter) (Zig:25)
  17 air elementals
  15 fire dragon skeletons
  Sigmund (D:2)
  2 vampires
  13 redbacks
  18 spriggans
  A human (shapeshifter) (Vaults:2)
  38 fire elementals
  37 ushabtiu
  A yak (shapeshifter) (Zig:25)
  7 tarantellas
  2 wyverns
  74 ynoxinuls
  A basilisk (shapeshifter) (Zig:10)
  45 yaks
  Eustachio (D:6)
  3 black mamba skeletons
  8 golden eyes
  A steam dragon (D:9)
  11 hungry ghosts
  5 basilisks
  A fire bat (Zig:23)
  51 neqoxecs
  40 chaos spawn
  18 vampire mosquitoes
  Menkaure (D:7)
  7 spatial vortices
  10 insubstantial wisps
  73 nagas
  15 swamp worms
  16 wargs
  Edmund (D:5)
  An acid dragon (Vaults:2)
  15 soldier ants (Lair:4)
  A swamp worm (shapeshifter) (Zig:25)
  12 water moccasins
  A water nymph zombie (Crypt:2)
  14 hydra simulacra
  A soldier ant (shapeshifter) (Zig:13)
  21 swamp drakes
  14 spiny frog zombies
  10 porcupines
  92 hell hounds
  14 floating eyes
  77 orc warriors
  4 black bears
  14 phantoms
  7 spiny frog skeletons
  A merfolk skeleton (Tar:6)
  21 ice beasts
  3 sky beasts
  A meliai simulacrum (D:15)
  2 alligator simulacra
  An ettin simulacrum (Coc:5)
  A swamp dragon zombie (Coc:1)
  4 manticore zombies
  A fire dragon simulacrum (Coc:6)
  A black bear (shapeshifter) (Vaults:4)
  An eye of draining (shapeshifter) (Depths:4)
  27 eyes of draining
  44 necrophages
  6 snapping turtle zombies
  A boggart (shapeshifter) (Zig:27)
  6 boggarts
  56 ogres
  7 wolves
  18 crocodiles
  A tengu (shapeshifter) (Zig:9)
  13 centaurs
  8 snapping turtle skeletons
  2 manticore skeletons
  2 swamp dragon skeletons
  4 big kobolds
  A rime drake skeleton (Crypt:2)
  Blork the orc (D:4)
  3 wyvern zombies
  A gnoll sergeant (D:7)
  21 bullfrogs
  A draconian zombie (Crypt:1)
  15 earth elementals
  2 human skeletons
  11 elf skeletons
  5 spiny frog simulacra
  2 scorpions (D:5)
  A shapeshifter zombie (Crypt:1)
  2 troll zombies
  A wyvern skeleton (D:14)
  33 killer bees
  A swamp dragon simulacrum (Hell)
  136 wights
  A troll skeleton (Coc:4)
  2 howler monkeys
  An electric eel (Lair:6)
  11 crimson imps
  A quasit (Abyss:2)
  160 starcursed masses
  A human simulacrum (Vaults:2)
  7 jellies
  41 orc wizards
  33 small abominations
  3 bullfrog skeletons
  A water moccasin simulacrum (Lair:1)
  8 hounds
  45 iron imps
  7 centaur skeletons
  A gnoll shaman (Zig:21)
  32 orc priests
  Crazy Yiuf (D:2)
  2 iguanas
  Ijyb (D:4)
  21 worker ants
  5 lightning spires (Abyss:5)
  2 yak simulacra (Lair:1)
  An ogre zombie (Tar:1)
  A sky beast zombie (Crypt:2)
  2 hound skeletons
  Robin (D:2)
  181 mummies
  14 gnolls
  7 adders
  A swamp drake zombie (Crypt:2)
  25 shadow imps
  20 white imps
  5 oozes (Lair:6)
  An ufetubus (Abyss:2)
  A barachi zombie (Crypt:2)
  A dart slug (D:1)
  8 leopard geckos
  84 orcs
  2 ball pythons
  7 bats
  A bat skeleton (Crypt:1)
  6 giant cockroaches
  11 goblins
  8 hobgoblins
  10 jackals
  29 kobolds
  3 quokkas
  A ball python skeleton (Crypt:1)
  8 frilled lizards
  A goblin skeleton (Crypt:1)
  2 kobold skeletons
  2 kobold zombies
  8 rats
  A briar patch (Swamp:4)
  34 fire vortices
  2 lurking horrors (Abyss:5)
  6 plants (Lair:6)
  36 starspawn tentacles
  10 tentacles
9084 creatures vanquished.

Vanquished Creatures (others)
  A Killer Klown (Zig:25)
  2 electric golems (Zig:20)
  2 tentacled monstrosities
  An Ice Fiend (Zig:12)
  2 deep elf master archers (Zig:22)
  A titan (Zig:20)
  2 pandemonium lords (Zig:25)
  A quicksilver dragon (Zig:26)
  3 eldritch tentacles
  2 storm dragons (Zig:20)
  A frost giant (shapeshifter) (Zig:25)
  A draconian annihilator (Zig:5)
  A very ugly thing (Depths:1)
  A deep elf demonologist (Zig:22)
  A spark wasp (Zig:20)
  A blizzard demon (Pan)
  2 deep elf high priests (Zig:22)
  5 hydras (Zig:16)
  A spriggan air mage (Zig:20)
  A hell beast (Zig:17)
  An anaconda (Snake:4)
  55 dancing weapons
  A hell hog (Geh:7)
  A soul eater (Tar:4)
  2 deep elf knights (Zig:22)
  4 shock serpents (Zig:20)
  A skeletal warrior (Tar:2)
  A deep elf archer (Zig:15)
  A spriggan druid (Zig:16)
  A swamp dragon (Zig:16)
  A worldbinder (Zig:25)
  12 deep elf magi
  A cyclops (D:14)
  A salamander (Snake:4)
  A moth of wrath (Zot:3)
  A naga mage (Snake:1)
  A black mamba (Snake:4)
  2 spiny frogs (Zig:16)
  A hellwing (Zig:26)
  2 hornets (Zig:16)
  A tyrant leech (Zig:16)
  A blink frog (Abyss:5)
  3 raiju (Zig:20)
  An air elemental (Zig:25)
  3 water elementals
  A fire elemental (Zig:15)
  3 small abominations
  3 insubstantial wisps (Zig:20)
  A swamp drake (Zig:16)
  2 large abominations
  A centaur (D:14)
  A boggart (Depths:3)
  3 ogres
  2 crocodiles
  3 wights
  A centaur zombie (Geh:4)
  An iron imp (Dis:6)
  A gnoll (Zig:12)
  2 kobolds (D:14)
  A fungus (Lair:4)
  A lost soul (Tar:4)
  2 lurking horrors
  4 plants
  56 starspawn tentacles
  19 tentacles
240 creatures vanquished.

Grand Total: 9324 creatures vanquished

Notes
Turn   | Place    | Note
-------+----------+-------------------------------------------
     0 | D:1      | rednecknazgul the Vine Stalker Fighter began the quest for
                  | the Orb.
     0 | D:1      | Reached XP level 1. HP: 11/11 MP: 2/2
    99 | D:1      | Reached XP level 2. HP: 11/16 MP: 3/3
   361 | D:1      | Reached XP level 3. HP: 15/19 MP: 4/4
   836 | D:2      | Noticed a bullfrog
   845 | D:2      | Killed a bullfrog
   845 | D:2      | Reached skill level 1 in Dodging
   845 | D:2      | Gained mutation: Your natural rate of healing is unusually
                  | fast. [Vine Stalker growth]
   845 | D:2      | Reached XP level 4. HP: 11/24 MP: 3/5
  1092 | D:2      | Noticed Sigmund
  1102 | D:2      | Killed Sigmund
  1102 | D:2      | Reached XP level 5. HP: 17/28 MP: 3/6
  1102 | D:2      | Reached XP level 6. HP: 19/32 MP: 3/7
  1148 | D:2      | Found a runed translucent door.
  1149 | D:2      | Noticed Crazy Yiuf
  1156 | D:2      | Killed Crazy Yiuf
  1287 | D:2      | Noticed Robin
  1296 | D:2      | Killed Robin
  1791 | D:3      | Found an opulent altar of Gozag.
  1794 | D:3      | Found a hide-covered altar of Uskayaw.
  1798 | D:3      | Became a worshipper of Gozag Ym Sagoz the Greedy
  1935 | D:3      | Found a faded altar of an unknown god.
  2168 | D:4      | Found a staircase to the Ecumenical Temple.
  2237 | D:4      | Reached XP level 7. HP: 35/37 MP: 8/8
  2263 | D:4      | Found a burning altar of Makhleb.
  2292 | D:4      | Noticed Ijyb
  2313 | D:4      | Killed Ijyb
  2670 | D:4      | Noticed Blork the orc
  2709 | D:4      | Killed Blork the orc
  2784 | D:4      | Noticed Grinder
  2801 | D:4      | Killed Grinder
  2817 | D:5      | Entered Level 5 of the Dungeon
  2909 | D:5      | Reached skill level 5 in Short Blades
  2909 | D:5      | Gained mutation: You have razor-sharp teeth. [Vine Stalker
                  | growth]
  2909 | D:5      | Reached XP level 8. HP: 39/42 MP: 9/9
  3137 | D:5      | Found a shattered altar of Ashenzari.
  3157 | D:5      | Noticed Edmund
  3180 | D:5      | Killed Edmund
  3529 | D:5      | Noticed Prince Ribbit
  3547 | D:5      | Killed Prince Ribbit
  3630 | D:6      | Reached skill level 5 in Shields
  3630 | D:6      | Reached XP level 9. HP: 37/46 MP: 8/10
  3659 | D:6      | Reached skill level 5 in Fighting
  3765 | D:6      | Noticed Eustachio
  3790 | D:6      | Killed Eustachio
  4151 | D:7      | Noticed Menkaure
  4163 | D:7      | Killed Menkaure
  4163 | D:7      | Reached skill level 5 in Armour
  4368 | D:7      | Found Aclonog's Gadget Shoppe.
  4431 | D:7      | Found a runed translucent door.
  4431 | D:7      | Noticed wolfsongas's ghost (novice GrGl)
  4517 | D:7      | Killed wolfsongas's ghost
  4517 | D:7      | Reached XP level 10. HP: 53/53 MP: 8/11
  4588 | D:7      | Found a shimmering altar of Xom.
  4589 | D:7      | Found a shadowy altar of Dithmenos.
  4589 | D:7      | Found a basalt altar of Yredelemnul.
  4591 | D:7      | Found a glowing silver altar of Zin.
  4593 | D:7      | Found an iron altar of Okawaru.
  4593 | D:7      | Found a sparkling altar of Nemelex Xobeh.
  4600 | D:7      | Found an ancient bone altar of Kikubaaqudgha.
  5318 | D:8      | Noticed Harold
  5350 | D:8      | Reached skill level 5 in Dodging
  5384 | D:8      | Killed Harold
  5786 | D:9      | Found Mogaiga's Antique Weapon Boutique.
  5796 | D:9      | Bought a quick blade for 360 gold pieces
  5826 | D:9      | Noticed Erolcha
  5847 | D:9      | Killed Erolcha
  5847 | D:9      | Reached skill level 1 in Stealth
  5956 | D:9      | Reached XP level 11. HP: 56/58 MP: 12/12
  6382 | D:9      | Found a staircase to the Lair.
  6569 | D:9      | Noticed a two-headed ogre
  6582 | D:9      | Killed a two-headed ogre
  6779 | D:10     | Entered Level 10 of the Dungeon
  6928 | D:10     | HP: 2/58 [gargoyle/+0 flail (8)]
  7364 | D:10     | Noticed a two-headed ogre
  7370 | D:10     | Killed a two-headed ogre
  7459 | D:10     | Noticed a deep elf mage
  7470 | D:10     | Killed a deep elf mage
  7470 | D:10     | Reached skill level 5 in Stealth
  7671 | D:11     | Noticed a purple ugly thing
  7684 | D:11     | Killed a purple ugly thing
  7729 | D:11     | Gained mutation: You heal very quickly. [Vine Stalker
                  | growth]
  7729 | D:11     | Reached XP level 12. HP: 56/63 MP: 13/13
  7767 | D:11     | Got a glittering tin amulet
  7813 | D:11     | Identified the amulet "Ziseur" {Reflect Str+3 SH+4} (You
                  | found it on level 11 of the Dungeon)
  8136 | D:11     | Found a staircase to the Orcish Mines.
  8480 | D:12     | Noticed Fannar
  8563 | D:12     | Killed Fannar
  8579 | D:12     | Noticed Nergalle
  8613 | D:12     | Killed Nergalle
  8632 | D:12     | Found Foint's Antique Weapon Shop.
  8720 | D:12     | Noticed Psyche
  8729 | D:12     | Killed Psyche
  8806 | D:12     | Reached skill level 10 in Short Blades
  9235 | D:12     | Noticed Urug
  9263 | D:12     | Killed Urug
  9492 | Lair:1   | Entered Level 1 of the Lair of Beasts
  9502 | D:9      | Bought the +1 pair of gloves of Kufih {rF+ rCorr MP+9
                  | Dex-3} for 500 gold pieces
  9641 | Lair:1   | Reached XP level 13. HP: 55/69 MP: 14/14
  9746 | Lair:1   | Noticed Sonja
  9861 | Lair:1   | Killed Sonja
 10085 | Lair:1   | Found a transporter.
 10109 | Lair:1   | Found a transporter.
 10411 | Lair:1   | Got a faintly glowing chain mail
 10414 | Lair:1   | Identified the +1 chain mail "Jikoy" {Int+2} (You found it
                  | on level 1 of the Lair of Beasts)
 11086 | Lair:2   | Found a staircase to the Swamp.
 11414 | Lair:3   | Found a staircase to the Snake Pit.
 12464 | Lair:4   | Noticed an entropy weaver
 12474 | Lair:4   | Reached XP level 14. HP: 75/75 MP: 15/15
 12475 | Lair:4   | Noticed an entropy weaver
 12578 | Lair:4   | Killed an entropy weaver
 12606 | Lair:4   | Killed an entropy weaver
 12606 | Lair:4   | Reached skill level 10 in Stealth
 12977 | Lair:5   | Found a hazy altar of Hepliaklqana.
 13648 | Lair:6   | Entered Level 6 of the Lair of Beasts
 13657 | Lair:6   | Found a staircase to the Slime Pits.
 14090 | Lair:6   | Noticed Snorg
 14103 | Lair:6   | Killed Snorg
 14103 | Lair:6   | Reached skill level 10 in Shields
 14805 | Lair:6   | Reached skill level 10 in Fighting
 14894 | Lair:6   | Noticed a dire elephant
 14894 | Lair:6   | Noticed a dire elephant
 14910 | Lair:6   | Killed a dire elephant
 14919 | Lair:6   | Killed a dire elephant
 14954 | Lair:6   | Noticed a dire elephant
 14964 | Lair:6   | Killed a dire elephant
 14988 | Lair:6   | Noticed a dire elephant
 15005 | Lair:6   | Killed a dire elephant
 15078 | Lair:6   | Noticed a dire elephant
 15108 | Lair:6   | Killed a dire elephant
 15345 | Orc:1    | Entered Level 1 of the Orcish Mines
 15350 | D:11     | Bought a sparkling jade ring for 165 gold pieces
 15352 | D:11     | Bought a pair of runed boots for 210 gold pieces
 15862 | Orc:2    | Entered Level 2 of the Orcish Mines
 15979 | Orc:2    | Found Bifowilo's General Store.
 16026 | Orc:2    | Found a staircase to the Elven Halls.
 16265 | Orc:2    | Reached XP level 15. HP: 62/80 MP: 16/16
 16689 | Orc:2    | Found Keaps's Jewellery Emporium.
 16689 | Orc:2    | Found Qoedd's Antique Armour Shoppe.
 16691 | Orc:2    | Found Kees's Jewellery Shoppe.
 16694 | Orc:2    | Found Buniug's Weapon Emporium.
 16943 | D:13     | Identified the ring of the Peculiar Gods {+Fly rF+ rN+
                  | Int-3 SInv} (You bought it in a shop on level 11 of the
                  | Dungeon)
 18219 | D:14     | Found a gate to the Vaults.
 18584 | D:15     | Entered Level 15 of the Dungeon
 18620 | D:15     | Reached skill level 10 in Armour
 19486 | D:15     | Found a staircase to the Depths.
 20014 | Swamp:1  | Entered Level 1 of the Swamp
 20183 | Swamp:1  | Reached XP level 16. HP: 35/87 MP: 17/17
 20384 | Swamp:1  | Reached skill level 10 in Dodging
 20574 | Swamp:1  | Got an ancient plate armour
 20575 | Swamp:1  | Identified the +17 plate armour of the Vaults {rElec MR-
                  | Regen+ Int-2} (You found it on level 1 of the Swamp)
 21414 | Swamp:2  | Found a white marble altar of Elyvilon.
 22297 | Swamp:4  | Entered Level 4 of the Swamp
 22648 | Swamp:4  | Noticed a thorn hunter
 22681 | Swamp:4  | Killed a thorn hunter
 23043 | Swamp:4  | Got a decaying rune of Zot
 23297 | Snake:1  | Entered Level 1 of the Snake Pit
 23433 | Snake:1  | Reached XP level 17. HP: 60/93 MP: 18/18
 23811 | Snake:1  | Found Biolel's Weapon Boutique.
 24403 | Snake:2  | Noticed Roxanne
 24543 | Snake:2  | Killed Roxanne
 24953 | Snake:2  | Identified the +8 halberd of Ilis {pain, rElec rPois Dex-4}
 24972 | Snake:2  | Found a runed translucent door.
 25391 | Snake:3  | Found Jerutyet's Jewellery Boutique.
 25434 | Snake:3  | Bought the amulet "Ufium" {rC+ rN+ Regen+ Str+2} for 786
                  | gold pieces
 26296 | Snake:4  | Entered Level 4 of the Snake Pit
 26373 | Snake:4  | Reached XP level 18. HP: 98/98 MP: 19/19
 26827 | Snake:4  | Reached skill level 15 in Stealth
 28146 | Snake:4  | Got a serpentine rune of Zot
 28329 | Snake:4  | Reached XP level 19. HP: 103/104 MP: 20/20
 28847 | Elf:1    | Entered Level 1 of the Elven Halls
 29005 | Elf:1    | Found Vausm's Book Shoppe.
 29013 | Elf:1    | Found Ogoqoj's Book Shoppe.
 29164 | Elf:1    | Found a radiant altar of Vehumet.
 29687 | Elf:1    | Identified Sif Muna's Reference Book on the Entourage
 30200 | Elf:2    | Found Moukaxurch's Assorted Antiques.
 30208 | Elf:2    | Found Yroz's Book Shop.
 30208 | Elf:2    | Found Eckenitz's General Store.
 30220 | Elf:2    | Found Holugoo's General Store.
 30275 | Elf:2    | Bought a +2 helmet of see invisible for 387 gold pieces
 30300 | Elf:2    | Bought a steaming platinum ring for 120 gold pieces
 30300 | Elf:2    | Bought an ancient pewter ring for 120 gold pieces
 30300 | Elf:2    | Identified the ring of Cegi Hoa {MR+ MP-9 Str+6} (You
                  | bought it in a shop on level 2 of the Elven Halls)
 30301 | Elf:2    | Identified the ring of Fixation {MR+ MP+9 Str-5 Dex+3
                  | Stlth+} (You bought it in a shop on level 2 of the Elven
                  | Halls)
 30995 | Elf:2    | Found a runed translucent gate.
 30995 | Elf:2    | Found a runed translucent gate.
 30996 | Elf:2    | Found a runed translucent gate.
 31559 | Elf:3    | Entered Level 3 of the Elven Halls
 31599 | Elf:3    | Reached XP level 20. HP: 108/109 MP: 21/21
 31695 | Elf:3    | Got a polished dagger
 31696 | Elf:3    | Identified the +3 dagger "Cujax" {flame, rPois} (You found
                  | it on level 3 of the Elven Halls)
 31815 | Elf:3    | Reached skill level 15 in Short Blades
 31861 | Elf:3    | Noticed a Tzitzimitl
 32080 | Elf:3    | Found a deep blue altar of Sif Muna.
 32132 | Elf:3    | Found an ancient bone altar of Kikubaaqudgha.
 32282 | Elf:3    | Identified the ring of Miggya {+Fly rF+ Int+3 Dex-2}
 32360 | Elf:3    | Identified the ring of the Tarantula {rF+ MR+ EV+2}
 32678 | Elf:3    | Identified the Disquisition on Conjuration
 33268 | Vaults:1 | Entered Level 1 of the Vaults
 34200 | Vaults:1 | Reached XP level 21. HP: 115/115 MP: 22/22
 35697 | Vaults:2 | Found Xerhiof's Book Shop.
 35698 | Vaults:2 | Paralysed by a great orb of eyes for 4 turns
 35952 | Vaults:2 | Identified a scroll of acquirement
 35962 | Vaults:2 | Got a pair of crude gloves
 35973 | Vaults:2 | Identified the +2 pair of gloves of Leaves {rElec} (You
                  | acquired it on level 2 of the Vaults)
 36107 | Vaults:2 | Noticed Saint Roka
 36162 | Vaults:2 | Killed Saint Roka
 36997 | Vaults:3 | Found Muunkoku's General Store.
 37208 | Vaults:3 | Found a staircase to the Crypt.
 38116 | Vaults:4 | Reached XP level 22. HP: 121/121 MP: 23/23
 39174 | Vaults:5 | Entered Level 5 of the Vaults
 39176 | Vaults:5 | Noticed an ancient lich
 39207 | Vaults:5 | Paralysed by a sphinx for 3 turns
 39394 | Vaults:5 | Reached skill level 15 in Fighting
 39394 | Vaults:5 | Reached skill level 15 in Shields
 39433 | Vaults:5 | Identified the cursed +1 hunting sling "Pyzidd" {venom,
                  | Dex+2}
 39492 | Vaults:5 | Killed an ancient lich
 39539 | Vaults:5 | Reached XP level 23. HP: 126/126 MP: 24/24
 39826 | Vaults:5 | Identified the Volume of Nocuous Transmigration
 40050 | Vaults:5 | Noticed Mennas
 40162 | Vaults:5 | Killed Mennas
 40500 | Vaults:5 | Got an iridescent rapier
 40501 | Vaults:5 | Identified the +3 rapier of Irritation {pierce, rN+} (You
                  | found it on level 5 of the Vaults)
 40659 | Vaults:5 | Found Akhlog's General Store.
 40892 | Vaults:5 | Noticed an ancient lich
 40954 | Vaults:5 | Killed an ancient lich
 40984 | Vaults:5 | Got a distressingly furry helmet
 40985 | Vaults:5 | Identified the +0 helmet of Grace {rN+ Regen+} (You found
                  | it on level 5 of the Vaults)
 41075 | Vaults:5 | Identified the Disquisition on Dark Translocation
 41171 | Vaults:5 | Got a twitching garnet amulet
 41178 | Vaults:5 | Identified the amulet of Ethics {+Rage rF+} (You found it
                  | on level 5 of the Vaults)
 41245 | Vaults:5 | Got a silver rune of Zot
 41867 | Slime:1  | Entered Level 1 of the Pits of Slime
 41884 | Slime:1  | Reached XP level 24. HP: 131/132 MP: 24/24
 42178 | Lair:6   | Bought the +0 pair of gloves of Uhorphey {MR++ Str+4 Int+3
                  | Dex+3} for 736 gold pieces
 42744 | Slime:2  | Gained mutation: You are frail. (-10% HP) [a shining eye]
 42746 | Slime:2  | Gained mutation: You are weak. (Str -2) [a shining eye]
 42894 | Slime:2  | Paralysed by a floating eye for 3 turns
 43362 | Slime:5  | Entered Level 5 of the Pits of Slime
 43419 | Slime:5  | Gained mutation: Armour fits poorly on your strangely
                  | shaped body. [a shining eye]
 43420 | Slime:5  | Gained mutation: You are very frail. (-20% HP) [a shining
                  | eye]
 43459 | Slime:5  | Lost mutation: You are weak. (Str -2) [potion of mutation]
 43459 | Slime:5  | Lost mutation: You are very frail. (-20% HP) [potion of
                  | mutation]
 43459 | Slime:5  | Lost mutation: Armour fits poorly on your strangely shaped
                  | body. [potion of mutation]
 43459 | Slime:5  | Lost mutation: You are frail. (-10% HP) [potion of
                  | mutation]
 43459 | Slime:5  | Gained mutation: Your magical capacity is low. (-10% MP)
                  | [potion of mutation]
 43459 | Slime:5  | Gained mutation: Your mind is acute. (Int +2) [potion of
                  | mutation]
 43459 | Slime:5  | Gained mutation: You are weak. (Str -2) [potion of
                  | mutation]
 43459 | Slime:5  | Gained mutation: You expend magic power (3 MP) to
                  | strengthen your wands. [potion of mutation]
 43701 | Slime:5  | Noticed the Royal Jelly
 43722 | Slime:5  | Found a viscous altar of Jiyva.
 43744 | Slime:5  | Killed the Royal Jelly
 43905 | Slime:5  | Got a slimy rune of Zot
 43974 | Slime:5  | Got a dazzling plate armour
 43987 | Slime:5  | Got a translucent granite ring
 44037 | Slime:5  | Identified the +8 plate armour of the Guilds {rC++ rN+
                  | Int-3 Dex+5} (You found it on level 5 of the Pits of Slime)
 44039 | Slime:5  | Identified the ring of Loogygg {rPois Stlth+} (You found it
                  | on level 5 of the Pits of Slime)
 44187 | Slime:2  | Paralysed by a floating eye for 4 turns
 44708 | Depths:1 | Entered Level 1 of the Depths
 44796 | Depths:1 | Reached skill level 15 in Armour
 44811 | Depths:1 | Reached XP level 25. HP: 134/137 MP: 21/21
 45028 | Depths:1 | Found a gateway to Hell.
 45708 | Depths:2 | Identified the +8 rapier of Ciwnig {pierce, Dex+2}
 45756 | Depths:2 | Reached skill level 15 in Dodging
 45779 | Depths:2 | Paralysed by a floating eye for 4 turns
 45780 | Depths:2 | Found the -2 hat of the Alchemist {rElec rPois rF+ rC+ rN+
                  | MR+ rMut rCorr}
 45957 | Depths:2 | Found a one-way gate leading to the halls of Pandemonium.
 46108 | Depths:2 | Got a twitching ivory ring
 46109 | Depths:2 | Identified the ring of Tempters {rC- Str+2 Dex+3 Slay+6}
                  | (You found it on level 2 of the Depths)
 46665 | Depths:2 | Identified the Reference Book on Virous Displacement
 47642 | Depths:3 | Paralysed by a floating eye for 3 turns
 47689 | Depths:3 | Reached XP level 26. HP: 84/144 MP: 21/21
 47732 | Depths:3 | Paralysed by a floating eye for 2 turns
 48074 | Depths:4 | Noticed a juggernaut
 48098 | Depths:4 | Killed a juggernaut
 48251 | Depths:4 | Found a one-way gate to the infinite horrors of the Abyss.
 48270 | Depths:4 | Found a gateway to a ziggurat.
 48516 | Depths:4 | Found a basalt altar of Yredelemnul.
 48517 | Depths:4 | Found a burning altar of Makhleb.
 48517 | Depths:4 | Found a shimmering altar of Xom.
 48586 | Depths:4 | Noticed a juggernaut
 48615 | Depths:4 | Killed a juggernaut
 48959 | Depths:4 | Noticed a juggernaut
 48968 | Depths:4 | Killed a juggernaut
 48991 | Depths:4 | Paralysed by a floating eye for 2 turns
 49119 | Depths:4 | Found the brooch of Shielding {Reflect SH+8}
 49224 | Depths:4 | Paralysed by a floating eye for 4 turns
 49370 | Depths:5 | Entered Level 5 of the Depths
 49418 | Depths:5 | Reached XP level 27. HP: 150/150 MP: 21/21
 49592 | Depths:5 | Found a gate to the Realm of Zot.
 49719 | Depths:5 | Noticed Margery
 49746 | Depths:5 | Killed Margery
 49871 | Depths:5 | Found a sparkling altar of Nemelex Xobeh.
 49904 | Depths:5 | Identified the Reference Book on Heat
 50047 | Depths:5 | Paralysed by a floating eye for 3 turns
 50095 | Depths:5 | Paralysed by a floating eye for 4 turns
 50611 | Crypt:1  | Entered Level 1 of the Crypt
 52295 | Crypt:3  | Entered Level 3 of the Crypt
 52535 | Crypt:3  | Found a basalt altar of Yredelemnul.
 52912 | Crypt:3  | Found a staircase to the Tomb.
 53968 | Depths:4 | Voluntarily entered the Abyss.
 54018 | Abyss:1  | Got a distressingly furry cloak
 54019 | Abyss:1  | Identified the +0 cloak of Dishonour {rF- rC+ MR+++} (You
                  | found it on level 1 of the Abyss)
 54118 | Abyss:1  | Got a faintly glowing large shield
 54127 | Abyss:1  | Identified the +2 large shield of Divine Intervention {rF++
                  | Str+7 Int-5} (You found it on level 1 of the Abyss)
 54943 | Abyss:2  | Lost mutation: Your mind is acute. (Int +2) [a neqoxec]
 55023 | Abyss:2  | Found a corrupted altar of Lugonu.
 55058 | Abyss:2  | Found a basalt altar of Yredelemnul.
 55301 | Abyss:5  | Entered Level 5 of the Abyss
 55617 | Abyss:5  | Paralysed by accursed screaming for 1 turns
 55698 | Abyss:5  | Paralysed by accursed screaming for 1 turns
 56515 | Abyss:5  | Got an abyssal rune of Zot
 56571 | Depths:4 | Escaped the Abyss
 56672 | Pan      | Entered Pandemonium
 56833 | Pan      | Noticed Xetoas the pandemonium lord
 56866 | Pan      | Killed Xetoas the pandemonium lord
 57086 | Pan      | Found an exit through the horrors of the Abyss.
 57769 | Pan      | Found a transporter.
 57792 | Pan      | Found a transporter.
 58394 | Pan      | Got a sparkling pewter amulet
 58497 | Pan      | Identified the amulet of Miokh {RegenMP rF+ Slay+3} (You
                  | found it in Pandemonium)
 58512 | Pan      | Got a pair of heavily runed boots
 58513 | Pan      | Identified the cursed +0 pair of boots of Hospitality
                  | {rElec rC+ Regen+ Str-5 Int+2} (You found it in
                  | Pandemonium)
 58585 | Pan      | Identified the +8 great sword "Glorpo" {slice, Int+2 Dex+3}
 58821 | Pan      | Noticed Goffe Xer the pandemonium lord
 58854 | Pan      | Killed Goffe Xer the pandemonium lord
 59151 | Pan      | Found a transporter.
 59331 | Pan      | Found a transporter.
 59384 | Pan      | Got a pitted ivory ring
 59394 | Pan      | Got a smoking silver ring
 59395 | Pan      | Identified the ring "Hehen" {*Tele *Slow +Inv Dex+2} (You
                  | found it in Pandemonium)
 59396 | Pan      | Identified the ring of Darkness {rCorr *Contam Str+5 Dex+2}
                  | (You found it in Pandemonium)
 59450 | Pan      | Found an exit through the horrors of the Abyss.
 60447 | Pan      | Noticed Ikkeshret the pandemonium lord
 60463 | Pan      | Killed Ikkeshret the pandemonium lord
 61534 | Pan      | Gained mutation: Your magical capacity is very low. (-20%
                  | MP) [a neqoxec]
 61804 | Pan      | Noticed Kiloteube the pandemonium lord
 61880 | Pan      | Killed Kiloteube the pandemonium lord
 62000 | Pan      | Got a demonic rune of Zot
 62706 | Pan      | Identified the cursed +0 large shield of Defiance {rF+ rC+
                  | rN+ MP+9}
 62719 | Pan      | Found a glowing silver altar of Zin.
 62741 | Pan      | Identified the +8 large shield of the Wilderness {*Slow
                  | Str+4}
 63796 | Pan      | Found a white marble altar of Elyvilon.
 64682 | Pan      | Found a glowing golden altar of the Shining One.
 64690 | Pan      | Identified the +10 plate armour "Iciaral" {rN+}
 64690 | Pan      | Noticed a seraph
 64719 | Pan      | Killed a seraph
 64737 | Pan      | Identified the Compendium of Supportive Shape Shifting
 64762 | Pan      | Got an iridescent rapier
 64763 | Pan      | Identified the +8 rapier "Rica" {drain, Str+5 Int+2} (You
                  | found it in Pandemonium)
 64949 | Pan      | Entered the realm of Cerebov.
 65056 | Pan      | Identified the Tome of Helpful Creation
 65083 | Pan      | Identified the Tome of Malediction and Calling
 65185 | Pan      | Identified the +6 sword of Cerebov {flame}
 65185 | Pan      | Noticed Cerebov
 65262 | Pan      | Killed Cerebov
 65301 | Pan      | Got a fiery rune of Zot
 65748 | Pan      | Found an exit through the horrors of the Abyss.
 66242 | Pan      | Noticed Lezxie the pandemonium lord
 66286 | Pan      | Killed Lezxie the pandemonium lord
 66473 | Pan      | Found an exit through the horrors of the Abyss.
 67287 | Pan      | Entered the realm of Lom Lobon.
 67595 | Pan      | Found an exit through the horrors of the Abyss.
 68179 | Pan      | Noticed Lom Lobon
 68222 | Pan      | Killed Lom Lobon
 68246 | Pan      | Got a magical rune of Zot
 68499 | Pan      | Noticed Opeas Cikhlo the pandemonium lord
 68534 | Pan      | Killed Opeas Cikhlo the pandemonium lord
 68918 | Pan      | Found an exit through the horrors of the Abyss.
 68935 | Pan      | Gained mutation: Your spells are a little easier to cast,
                  | but a little less powerful. [a neqoxec]
 69255 | Pan      | Got a shimmering dagger
 69256 | Pan      | Identified the +5 dagger of Biarymaa {venom, rC- Str+7}
                  | (You found it in Pandemonium)
 69404 | Pan      | Found an exit through the horrors of the Abyss.
 69924 | Pan      | Noticed Adusk the pandemonium lord
 69959 | Pan      | Killed Adusk the pandemonium lord
 70557 | Pan      | Got a clouded brass ring
 70570 | Pan      | Identified the ring of Jequ {+Blink rElec rF+ MP+9 Dex-4}
                  | (You found it in Pandemonium)
 70579 | Pan      | Noticed Saloc the pandemonium lord
 70602 | Pan      | Killed Saloc the pandemonium lord
 70854 | Pan      | Found an exit through the horrors of the Abyss.
 71547 | Pan      | Entered the realm of Mnoleg.
 72029 | Pan      | Gained mutation: Your body sometimes deteriorates upon
                  | taking damage. [a cacodemon]
 72131 | Pan      | Noticed Mnoleg
 72151 | Pan      | Killed Mnoleg
 72174 | Pan      | Got a glowing rune of Zot
 72660 | Pan      | Lost mutation: You are weak. (Str -2) [potion of mutation]
 72660 | Pan      | Lost mutation: Your spells are a little easier to cast, but
                  | a little less powerful. [potion of mutation]
 72660 | Pan      | Lost mutation: Your magical capacity is very low. (-20% MP)
                  | [potion of mutation]
 72660 | Pan      | Gained mutation: Your muscles are strong. (Str +2) [potion
                  | of mutation]
 72660 | Pan      | Gained mutation: You have sharp toenails. [potion of
                  | mutation]
 72661 | Pan      | Lost mutation: Your magical capacity is low. (-10% MP)
                  | [potion of mutation]
 72661 | Pan      | Lost mutation: Your body sometimes deteriorates upon taking
                  | damage. [potion of mutation]
 72661 | Pan      | Gained mutation: Armour fits poorly on your strangely
                  | shaped body. [potion of mutation]
 72662 | Pan      | Lost mutation: Armour fits poorly on your strangely shaped
                  | body. [potion of mutation]
 72662 | Pan      | Lost mutation: Your muscles are strong. (Str +2) [potion of
                  | mutation]
 72662 | Pan      | Lost mutation: You expend magic power (3 MP) to strengthen
                  | your wands. [potion of mutation]
 72907 | Pan      | Noticed Fegi Zoh the pandemonium lord
 72945 | Pan      | Killed Fegi Zoh the pandemonium lord
 73085 | Pan      | Found an exit through the horrors of the Abyss.
 73901 | Pan      | Found an exit through the horrors of the Abyss.
 74423 | Pan      | Noticed Rumufurph the pandemonium lord
 74447 | Pan      | Killed Rumufurph the pandemonium lord
 74767 | Pan      | Entered the realm of Gloorx Vloq.
 74945 | Pan      | Found an exit through the horrors of the Abyss.
 75596 | Pan      | Noticed Gloorx Vloq
 75630 | Pan      | Killed Gloorx Vloq
 75674 | Pan      | Got a dark rune of Zot
 76025 | Depths:3 | Escaped Pandemonium
 76353 | Zot:1    | Entered Level 1 of the Realm of Zot
 78809 | Zot:3    | Identified the +4 dragonskin cloak
 78809 | Zot:3    | Noticed Tiamat
 78975 | Zot:3    | Killed Tiamat
 79305 | Zot:3    | Found a runed translucent gate.
 79305 | Zot:3    | Found a runed translucent gate.
 79305 | Zot:3    | Found a runed translucent gate.
 79343 | Zot:3    | Reached skill level 27 in Short Blades
 79391 | Zot:3    | Noticed an orb of fire
 79391 | Zot:3    | Noticed Uneer's ghost (legendary GnFE)
 79413 | Zot:3    | Killed an orb of fire
 79416 | Zot:3    | Paralysed by the power of Zot for 5 turns
 79528 | Zot:3    | Killed Uneer's ghost
 79654 | Zot:3    | Got a pair of heavily runed gloves
 79655 | Zot:3    | Identified the +0 pair of gloves of the Elven Halls {rPois
                  | rF+ Int-2 Dex+3} (You found it on level 3 of the Realm of
                  | Zot)
 80930 | Zot:4    | Reached skill level 27 in Stealth
 81197 | Zot:5    | Entered Level 5 of the Realm of Zot
 81225 | Zot:5    | Reached skill level 1 in Unarmed Combat
 81239 | Zot:5    | Reached skill level 1 in Spellcasting
 81392 | Zot:5    | Got a wavering lapis lazuli ring
 81395 | Zot:5    | Identified the ring of Perfectionism {+Fly rPois rF- rC+
                  | AC+2} (You found it on level 5 of the Realm of Zot)
 81687 | Zot:5    | Noticed an ancient lich
 81709 | Zot:5    | Noticed an ancient lich
 81749 | Zot:5    | Killed an ancient lich
 81755 | Zot:5    | Killed an ancient lich
 81831 | Zot:5    | Noticed an orb of fire
 81831 | Zot:5    | Noticed an orb of fire
 81852 | Zot:5    | Killed an orb of fire
 81861 | Zot:5    | Killed an orb of fire
 81861 | Zot:5    | Reached skill level 5 in Unarmed Combat
 81871 | Zot:5    | Reached skill level 5 in Spellcasting
 82043 | Zot:5    | Noticed an orb of fire
 82052 | Zot:5    | Noticed an orb of fire
 82063 | Zot:5    | Killed an orb of fire
 82090 | Zot:5    | Killed an orb of fire
 82101 | Zot:5    | Noticed an orb of fire
 82112 | Zot:5    | Gained mutation: Scrolls take you a little longer to read.
                  | [an orb of fire]
 82130 | Zot:5    | Killed an orb of fire
 82297 | Zot:5    | Noticed an ancient lich
 82306 | Zot:5    | Killed an ancient lich
 82506 | Hell     | Entered the Vestibule of Hell
 82506 | Hell     | Noticed Geryon
 82562 | Hell     | Killed Geryon
 82670 | Hell     | Noticed an ancient lich
 82672 | Hell     | Found a gateway to the decaying netherworld of Tartarus.
 82682 | Hell     | Killed an ancient lich
 82732 | Tar:1    | Entered Level 1 of Tartarus
 83062 | Tar:1    | Found a huge runed gate.
 83062 | Tar:1    | Found a huge runed gate.
 83063 | Tar:1    | Found a huge runed gate.
 83063 | Tar:1    | Found a huge runed gate.
 83063 | Tar:1    | Found a huge runed gate.
 83064 | Tar:1    | Found a huge runed gate.
 83065 | Tar:1    | Found a huge runed gate.
 83067 | Tar:1    | Found a huge runed gate.
 83612 | Tar:1    | Found a huge runed gate.
 83612 | Tar:1    | Found a huge runed gate.
 83612 | Tar:1    | Found a huge runed gate.
 83617 | Tar:1    | Found a huge runed gate.
 83617 | Tar:1    | Found a huge runed gate.
 83617 | Tar:1    | Found a huge runed gate.
 83617 | Tar:1    | Found a huge runed gate.
 83617 | Tar:1    | Found a huge runed gate.
 83618 | Tar:1    | Found a huge runed gate.
 83641 | Tar:1    | Found a huge runed gate.
 83641 | Tar:1    | Found a huge runed gate.
 83641 | Tar:1    | Found a huge runed gate.
 83641 | Tar:1    | Found a huge runed gate.
 83641 | Tar:1    | Found a huge runed gate.
 83641 | Tar:1    | Found a huge runed gate.
 83641 | Tar:1    | Found a huge runed gate.
 83642 | Tar:1    | Found a huge runed gate.
 83643 | Tar:1    | Found a huge runed gate.
 83833 | Tar:1    | Noticed an ancient lich
 83877 | Tar:1    | Killed an ancient lich
 84991 | Tar:2    | You are sucked into a shaft for 2 floors!
 85281 | Tar:4    | Found a huge runed gate.
 85281 | Tar:4    | Found a huge runed gate.
 85281 | Tar:4    | Found a huge runed gate.
 85283 | Tar:4    | Found a huge runed gate.
 85287 | Tar:4    | Found a huge runed gate.
 85291 | Tar:4    | Found a huge runed gate.
 85291 | Tar:4    | Found a huge runed gate.
 85296 | Tar:4    | Found a huge runed gate.
 85361 | Tar:4    | Noticed an ancient lich
 85361 | Tar:4    | Noticed an ancient lich
 85387 | Tar:4    | Killed an ancient lich
 85387 | Tar:4    | Reached skill level 10 in Unarmed Combat
 85390 | Tar:4    | Reached skill level 10 in Spellcasting
 85395 | Tar:4    | Killed an ancient lich
 89526 | Tar:7    | Entered Level 7 of Tartarus
 90046 | Tar:7    | Found the +10 morningstar "Eos" {elec, Halo rElec}
 90159 | Tar:7    | Identified Haut's Papyrus of Blistering Execration
 90240 | Tar:7    | Gained mutation: You are weak. (Str -2) [mutagenic glow]
 90346 | Tar:7    | Noticed Ereshkigal
 90407 | Tar:7    | Killed Ereshkigal
 90457 | Tar:7    | Got a bone rune of Zot
 90881 | Tar:7    | Got a heavily runed granite ring
 90884 | Tar:7    | Identified the cursed ring "Vobin" {+Fly MR- Str+4 Int-5}
                  | (You found it on level 7 of Tartarus)
 92210 | Hell     | Noticed Murray
 92228 | Hell     | Killed Murray
 92273 | Hell     | Found a gateway to the freezing wastes of Cocytus.
 92346 | Coc:1    | Entered Level 1 of Cocytus
 93719 | Coc:1    | Lost intelligence.
 93905 | Coc:2    | You are sucked into a shaft for 2 floors!
 97299 | Coc:7    | Entered Level 7 of Cocytus
 98058 | Coc:7    | Identified the +7 hand axe of Mebei {flame, *Rage Int+4
                  | Dex+3}
 98058 | Coc:7    | Identified the amulet "Cehuuwat" {+Rage Str+2 Slay+3}
 98058 | Coc:7    | Noticed Antaeus
 98103 | Coc:7    | Killed Antaeus
 98103 | Coc:7    | Reached skill level 15 in Unarmed Combat
 98103 | Coc:7    | Reached skill level 15 in Spellcasting
 98111 | Coc:7    | Found the +2 cloak of the Thief {+Fog Slay-2 SInv Stlth+}
 98121 | Coc:7    | Got an icy rune of Zot
 98994 | Hell     | Found a gateway to the Iron City of Dis.
 99008 | Dis:1    | Entered Level 1 of the Iron City of Dis
102385 | Dis:4    | You are sucked into a shaft for 2 floors!
103681 | Dis:7    | Entered Level 7 of the Iron City of Dis
103982 | Dis:7    | Noticed the Serpent of Hell
104040 | Dis:7    | Killed the Serpent of Hell
105584 | Dis:7    | Identified the +4 staff of Dispater
105584 | Dis:7    | Noticed Dispater
105638 | Dis:7    | Killed Dispater
105697 | Dis:7    | Got an iron rune of Zot
106010 | Hell     | Found a gateway to the ashen valley of Gehenna.
106116 | Geh:1    | Entered Level 1 of Gehenna
107742 | Geh:7    | Entered Level 7 of Gehenna
109040 | Geh:7    | Identified the +7 sceptre of Asmodeus
109040 | Geh:7    | Noticed Asmodeus
109100 | Geh:7    | Killed Asmodeus
109190 | Geh:7    | Got an obsidian rune of Zot
109326 | Geh:7    | Identified the +10 morningstar of No Interval {crush,
                  | *Drain rF+++ Dex+5}
110352 | Tomb:1   | Entered Level 1 of the Tomb of the Ancients
110807 | Tomb:1   | Noticed a greater mummy
110863 | Tomb:1   | Killed a greater mummy
111173 | Tomb:2   | Noticed a greater mummy
111173 | Tomb:2   | Noticed a greater mummy
111180 | Tomb:2   | Noticed a greater mummy
111181 | Tomb:2   | Noticed a greater mummy
111196 | Tomb:2   | Killed a greater mummy
111203 | Tomb:2   | Noticed Mara
111214 | Tomb:2   | Noticed rednecknazgul's illusion
111238 | Tomb:2   | Killed Mara
111275 | Tomb:2   | Killed a greater mummy
111325 | Tomb:2   | Killed a greater mummy
111340 | Tomb:2   | Killed a greater mummy
111762 | Tomb:1   | Noticed a greater mummy
111775 | Tomb:1   | Killed a greater mummy
111777 | Tomb:1   | Noticed a greater mummy
111784 | Tomb:1   | Killed a greater mummy
111785 | Tomb:1   | Noticed a greater mummy
111797 | Tomb:1   | Killed a greater mummy
111818 | Tomb:1   | Noticed a greater mummy
111821 | Tomb:1   | Noticed a greater mummy
111837 | Tomb:1   | Killed a greater mummy
111847 | Tomb:1   | Killed a greater mummy
111906 | Tomb:1   | Noticed a greater mummy
111917 | Tomb:1   | Killed a greater mummy
111921 | Tomb:1   | Noticed a greater mummy
111935 | Tomb:1   | Killed a greater mummy
111940 | Tomb:1   | Noticed a greater mummy
111957 | Tomb:1   | Killed a greater mummy
111975 | Tomb:1   | Noticed a greater mummy
111975 | Tomb:1   | Noticed a greater mummy
111976 | Tomb:1   | Noticed a greater mummy
111989 | Tomb:1   | Killed a greater mummy
111993 | Tomb:1   | Noticed a greater mummy
112000 | Tomb:1   | Noticed a greater mummy
112003 | Tomb:1   | Killed a greater mummy
112005 | Tomb:1   | Noticed a greater mummy
112019 | Tomb:1   | Killed a greater mummy
112029 | Tomb:1   | Killed a greater mummy
112035 | Tomb:1   | Killed a greater mummy
112049 | Tomb:1   | Killed a greater mummy
112050 | Tomb:1   | Noticed a greater mummy
112063 | Tomb:1   | Killed a greater mummy
112167 | Tomb:2   | Noticed Jory
112198 | Tomb:2   | Killed Jory
112346 | Tomb:3   | Entered Level 3 of the Tomb of the Ancients
112415 | Tomb:3   | Noticed Boris
112422 | Tomb:3   | Noticed a greater mummy
112424 | Tomb:3   | Noticed an ancient lich
112430 | Tomb:3   | Killed an ancient lich
112440 | Tomb:3   | Noticed a greater mummy
112453 | Tomb:3   | Killed Boris
112458 | Tomb:3   | Noticed a greater mummy
112470 | Tomb:3   | Noticed a greater mummy
112546 | Tomb:3   | Noticed a greater mummy
112546 | Tomb:3   | Noticed a greater mummy
112550 | Tomb:3   | Killed a greater mummy
112587 | Tomb:3   | Killed a greater mummy
112600 | Tomb:3   | Noticed a greater mummy
112606 | Tomb:3   | Killed a greater mummy
112653 | Tomb:3   | Killed a greater mummy
112664 | Tomb:3   | Killed a greater mummy
112736 | Tomb:3   | Killed a greater mummy
112764 | Tomb:3   | Killed a greater mummy
112785 | Tomb:3   | Paralysed by the power of Zot for 2 turns
112884 | Tomb:3   | Got a smoking jade amulet
112898 | Tomb:3   | Identified the amulet "Riacuh Poi" {Inacc *Corrode rN+
                  | Dex+3} (You found it on level 3 of the Tomb of the
                  | Ancients)
112899 | Tomb:3   | Identified the Handbook of Lucky Curses
113183 | Tomb:3   | Got a golden rune of Zot
114059 | Zig:1    | Entered Level 1 of a ziggurat
114060 | Zig:1    | Lost intelligence.
114076 | Zig:1    | Noticed an ancient lich
114112 | Zig:2    | Entered Level 2 of a ziggurat
114151 | Zig:3    | Entered Level 3 of a ziggurat
114194 | Zig:4    | Entered Level 4 of a ziggurat
114208 | Zig:4    | Reached skill level 1 in Throwing
114219 | Zig:4    | Reached skill level 1 in Evocations
114255 | Zig:5    | Entered Level 5 of a ziggurat
114309 | Zig:6    | Entered Level 6 of a ziggurat
114372 | Zig:6    | Got a wavering copper ring
114375 | Zig:6    | Got a pair of ancient boots
114399 | Zig:6    | Identified the +0 pair of boots "Jyir" {rF- rCorr Int+10
                  | SInv} (You found it on level 6 of a ziggurat)
114401 | Zig:6    | Identified the ring "Seawekh" {rElec rPois MP+9 Str+2
                  | Stlth+} (You found it on level 6 of a ziggurat)
114419 | Zig:7    | Entered Level 7 of a ziggurat
114510 | Zig:8    | Entered Level 8 of a ziggurat
114553 | Zig:8    | Identified the Catalogue of Hurtful Boosts
114564 | Zig:8    | Identified the Reference Book on Venomous Cold
114593 | Zig:9    | Entered Level 9 of a ziggurat
114664 | Zig:9    | Got a pair of steaming gloves
114667 | Zig:9    | Identified the +1 pair of gloves of the Soldier {rElec rF-
                  | Dex+3} (You found it on level 9 of a ziggurat)
114674 | Zig:10   | Entered Level 10 of a ziggurat
114683 | Zig:10   | Noticed Qeneidia the pandemonium lord
114707 | Zig:10   | Killed Qeneidia the pandemonium lord
114802 | Zig:10   | Got a warped bronze amulet
114806 | Zig:10   | Identified the amulet of Pias {+Rage rN+} (You found it on
                  | level 10 of a ziggurat)
114818 | Zig:11   | Entered Level 11 of a ziggurat
114826 | Zig:11   | Noticed Miusk the pandemonium lord
114839 | Zig:11   | Reached skill level 27 in Shields
114876 | Zig:11   | Killed Miusk the pandemonium lord
114952 | Zig:12   | Entered Level 12 of a ziggurat
115050 | Zig:12   | Reached skill level 27 in Fighting
115050 | Zig:12   | Reached skill level 5 in Throwing
115050 | Zig:12   | Reached skill level 5 in Evocations
115051 | Zig:12   | Identified the Disquisition on Envenoming
115063 | Zig:13   | Entered Level 13 of a ziggurat
115148 | Zig:13   | Identified the Catalogue of Congealing Poison
115172 | Zig:13   | Identified the Papyrus of Earthen Execration
115178 | Zig:14   | Entered Level 14 of a ziggurat
115301 | Zig:14   | Got a brightly glowing jade ring
115354 | Zig:14   | Got a slimy plate armour
115357 | Zig:14   | Identified the +2 plate armour of Kecaupya {Str+3 Int+5}
                  | (You found it on level 14 of a ziggurat)
115360 | Zig:14   | Identified the ring "Sielimai" {AC+6 Dex+2} (You found it
                  | on level 14 of a ziggurat)
115365 | Zig:15   | Entered Level 15 of a ziggurat
115495 | Zig:15   | Identified the Volume of Talismans
115551 | Zig:15   | Got a smoking lead amulet
115562 | Zig:16   | Entered Level 16 of a ziggurat
115574 | Zig:16   | Noticed a greater mummy
115574 | Zig:16   | Noticed a greater mummy
115575 | Zig:16   | Found the +10 zealot's sword {holy, *Rage rN+ EV+3}
115575 | Zig:16   | Noticed a greater mummy
115578 | Zig:16   | Noticed a greater mummy
115578 | Zig:16   | Noticed a greater mummy
115601 | Zig:16   | Killed a greater mummy
115637 | Zig:16   | Killed a greater mummy
115655 | Zig:16   | Killed a greater mummy
115674 | Zig:16   | Killed a greater mummy
115686 | Zig:16   | Killed a greater mummy
115803 | Zig:16   | Got a bound jade amulet
115824 | Zig:16   | Identified the amulet "Yrabit" {Spirit Str+2} (You found it
                  | on level 16 of a ziggurat)
115831 | Zig:16   | Identified the amulet "Leppilir" {Gourm +Fly} (You found it
                  | on level 15 of a ziggurat)
115841 | Zig:17   | Entered Level 17 of a ziggurat
115850 | Zig:17   | Noticed a greater mummy
115850 | Zig:17   | Noticed a greater mummy
115851 | Zig:17   | Noticed a greater mummy
115851 | Zig:17   | Noticed a greater mummy
115851 | Zig:17   | Noticed a greater mummy
115855 | Zig:17   | Found the +4 moon troll leather armour {Spirit, Regen++
                  | MP+5}
115855 | Zig:17   | Found the +6 Majin-Bo {vamp, Archmagi MP+6 Int+6}
115863 | Zig:17   | Killed a greater mummy
115869 | Zig:17   | Killed a greater mummy
115880 | Zig:17   | Killed a greater mummy
115885 | Zig:17   | Noticed a greater mummy
115885 | Zig:17   | Noticed a greater mummy
115889 | Zig:17   | Noticed a greater mummy
115900 | Zig:17   | Killed a greater mummy
115901 | Zig:17   | Noticed a greater mummy
115902 | Zig:17   | Found the +8 storm bow {elec}
115918 | Zig:17   | Killed a greater mummy
115943 | Zig:17   | Killed a greater mummy
115952 | Zig:17   | Killed a greater mummy
115960 | Zig:17   | Killed a greater mummy
115964 | Zig:17   | Killed a greater mummy
116180 | Zig:18   | Entered Level 18 of a ziggurat
116433 | Zig:18   | Identified Roaseuh's Grimoire of Greatest Risks and Utility
116449 | Zig:18   | Got an ancient ivory ring
116452 | Zig:18   | Identified the ring "Egeturph" {+Inv +Fly rF- rN+} (You
                  | found it on level 18 of a ziggurat)
116454 | Zig:18   | Got an ancient graven amulet
116457 | Zig:18   | Identified the amulet "Fasatu" {rPois Regen+} (You found it
                  | on level 18 of a ziggurat)
116484 | Zig:19   | Entered Level 19 of a ziggurat
116639 | Zig:19   | Reached skill level 10 in Throwing
116704 | Zig:19   | Identified the Compendium of the Damaging Blaze
116723 | Zig:20   | Entered Level 20 of a ziggurat
116804 | Zig:20   | Reached skill level 10 in Evocations
117023 | Zig:20   | Identified the Tome of Doomed Snow
117036 | Zig:21   | Entered Level 21 of a ziggurat
117417 | Zig:22   | Entered Level 22 of a ziggurat
117456 | Zig:22   | Noticed a greater mummy
117459 | Zig:22   | Noticed a greater mummy
117460 | Zig:22   | Noticed a greater mummy
117473 | Zig:22   | Killed a greater mummy
117479 | Zig:22   | Killed a greater mummy
117482 | Zig:22   | Killed a greater mummy
117491 | Zig:22   | Noticed a greater mummy
117491 | Zig:22   | Noticed a greater mummy
117506 | Zig:22   | Noticed a greater mummy
117524 | Zig:22   | Killed a greater mummy
117529 | Zig:22   | Noticed a greater mummy
117532 | Zig:22   | Noticed a greater mummy
117538 | Zig:22   | Killed a greater mummy
117541 | Zig:22   | Noticed a greater mummy
117553 | Zig:22   | Killed a greater mummy
117612 | Zig:22   | Killed a greater mummy
117629 | Zig:22   | Killed a greater mummy
117634 | Zig:22   | Killed a greater mummy
117851 | Zig:22   | Found the amulet of the Four Winds {rN+ MR+++ Clar}
117885 | Zig:22   | Got a translucent jade ring
117888 | Zig:22   | Identified the ring "Riux" {Wiz rF+ Str+2 Stlth+} (You
                  | found it on level 22 of a ziggurat)
117898 | Zig:23   | Entered Level 23 of a ziggurat
118245 | Zig:23   | Identified the Volume of Ointment
118288 | Zig:23   | Identified Lehudib's Incunabulum of Dusty Combat Magic
118299 | Zig:24   | Entered Level 24 of a ziggurat
118631 | Zig:24   | Found the +3 Elemental Staff {rElec rF++ rC++ MR++ AC+5}
118697 | Zig:25   | Entered Level 25 of a ziggurat
118704 | Zig:25   | Noticed Ikudduv the pandemonium lord
118715 | Zig:25   | Noticed Waxuxzun the pandemonium lord
118718 | Zig:25   | Noticed Hien the pandemonium lord
118728 | Zig:25   | Noticed Cikkuxue the pandemonium lord
118734 | Zig:25   | Killed Waxuxzun the pandemonium lord
118753 | Zig:25   | Noticed Vosoemih the pandemonium lord
118758 | Zig:25   | Killed Hien the pandemonium lord
118758 | Zig:25   | Noticed Eroenkiu the pandemonium lord
118759 | Zig:25   | Noticed Ynletett the pandemonium lord
118761 | Zig:25   | Noticed Bamack the pandemonium lord
118767 | Zig:25   | Killed Vosoemih the pandemonium lord
118771 | Zig:25   | Noticed Xoipyah the pandemonium lord
118777 | Zig:25   | Noticed Comypparhu the pandemonium lord
118777 | Zig:25   | Noticed Agetuul the pandemonium lord
118777 | Zig:25   | Noticed Ycuoskao the pandemonium lord
118779 | Zig:25   | Killed Cikkuxue the pandemonium lord
118780 | Zig:25   | Noticed Otearre the pandemonium lord
118786 | Zig:25   | Killed Ynletett the pandemonium lord
118789 | Zig:25   | Noticed Baifi the pandemonium lord
118789 | Zig:25   | Noticed Ohoasiuk the pandemonium lord
118789 | Zig:25   | Noticed Higaw the pandemonium lord
118798 | Zig:25   | Noticed Orre the pandemonium lord
118803 | Zig:25   | Killed Bamack the pandemonium lord
118817 | Zig:25   | Killed Eroenkiu the pandemonium lord
118831 | Zig:25   | Killed Comypparhu the pandemonium lord
118836 | Zig:25   | Noticed Ateyt the pandemonium lord
118845 | Zig:25   | Killed Higaw the pandemonium lord
118848 | Zig:25   | Noticed Keudwy the pandemonium lord
118851 | Zig:25   | Killed Otearre the pandemonium lord
118854 | Zig:25   | Killed Ikudduv the pandemonium lord
118864 | Zig:25   | Killed Ycuoskao the pandemonium lord
118868 | Zig:25   | Killed Baifi the pandemonium lord
118875 | Zig:25   | Killed Keudwy the pandemonium lord
118904 | Zig:25   | Killed Ohoasiuk the pandemonium lord
118910 | Zig:25   | Killed Agetuul the pandemonium lord
118927 | Zig:25   | Killed Ateyt the pandemonium lord
118944 | Zig:25   | Killed Xoipyah the pandemonium lord
118980 | Zig:25   | Killed Orre the pandemonium lord
119113 | Zig:26   | Entered Level 26 of a ziggurat
119181 | Zig:26   | Noticed Wudexol the pandemonium lord
119219 | Zig:26   | Killed Wudexol the pandemonium lord
119464 | Zig:26   | Reached skill level 27 in Dodging
119634 | Zig:26   | Found the +2 shield of Resistance {rF+ rC+ MR+}
119635 | Zig:26   | Found the +0 sword of Power
119645 | Zig:26   | Identified the Incunabulum of Attacks and Calling
119667 | Zig:26   | Identified the Papyrus of the Volcanoes
119678 | Zig:26   | Got a pitted granite ring
119681 | Zig:26   | Got a bound zirconium amulet
119684 | Zig:26   | Identified the ring of Syndicalism {+Blink EV+2 Str+3
                  | Stlth-} (You found it on level 26 of a ziggurat)
119686 | Zig:26   | Identified the amulet "Nekhli Pugh" {Acrobat rPois Str+4
                  | Int+2 Stlth-} (You found it on level 26 of a ziggurat)
119702 | Zig:27   | Entered Level 27 of a ziggurat
119712 | Zig:27   | Noticed Imotua Wongi the pandemonium lord
119715 | Zig:27   | Noticed Fuwuz the pandemonium lord
119717 | Zig:27   | Noticed Bekhli the pandemonium lord
119720 | Zig:27   | Noticed Poupp the pandemonium lord
119728 | Zig:27   | Killed Bekhli the pandemonium lord
119731 | Zig:27   | Noticed Ageriliv the pandemonium lord
119740 | Zig:27   | Killed Fuwuz the pandemonium lord
119743 | Zig:27   | Noticed Poasohin the pandemonium lord
119752 | Zig:27   | Killed Imotua Wongi the pandemonium lord
119767 | Zig:27   | Killed Poupp the pandemonium lord
119769 | Zig:27   | Noticed Cusm the pandemonium lord
119773 | Zig:27   | Killed Poasohin the pandemonium lord
119773 | Zig:27   | Reached skill level 27 in Armour
119774 | Zig:27   | Noticed Histruh the pandemonium lord
119774 | Zig:27   | Noticed Vaesirgh the pandemonium lord
119778 | Zig:27   | Noticed Vaosyan the pandemonium lord
119779 | Zig:27   | Noticed Joibat the pandemonium lord
119787 | Zig:27   | Killed Ageriliv the pandemonium lord
119792 | Zig:27   | Noticed Eteraeja the pandemonium lord
119797 | Zig:27   | Killed Vaosyan the pandemonium lord
119806 | Zig:27   | Killed Cusm the pandemonium lord
119808 | Zig:27   | Noticed Pablorowe the pandemonium lord
119809 | Zig:27   | Noticed Qylimniy the pandemonium lord
119809 | Zig:27   | Noticed Veplompec the pandemonium lord
119813 | Zig:27   | Killed Vaesirgh the pandemonium lord
119813 | Zig:27   | Noticed Xaasamiv the pandemonium lord
119819 | Zig:27   | Noticed Keojas the pandemonium lord
119821 | Zig:27   | Killed Histruh the pandemonium lord
119832 | Zig:27   | Noticed Uduxode the pandemonium lord
119836 | Zig:27   | Killed Joibat the pandemonium lord
119841 | Zig:27   | Killed Eteraeja the pandemonium lord
119841 | Zig:27   | Noticed Jeqaiz the pandemonium lord
119851 | Zig:27   | Noticed Gavoq the pandemonium lord
119852 | Zig:27   | Noticed Jaehi the pandemonium lord
119855 | Zig:27   | Noticed Futziguu the pandemonium lord
119869 | Zig:27   | Killed Jeqaiz the pandemonium lord
119873 | Zig:27   | Killed Keojas the pandemonium lord
119882 | Zig:27   | Killed Veplompec the pandemonium lord
119907 | Zig:27   | Killed Pablorowe the pandemonium lord
119917 | Zig:27   | Killed Gavoq the pandemonium lord
119925 | Zig:27   | Killed Xaasamiv the pandemonium lord
119935 | Zig:27   | Killed Uduxode the pandemonium lord
119954 | Zig:27   | Killed Futziguu the pandemonium lord
119960 | Zig:27   | Killed Jaehi the pandemonium lord
119977 | Zig:27   | Killed Qylimniy the pandemonium lord
119977 | Zig:27   | Reached skill level 15 in Throwing
119991 | Zig:27   | Reached skill level 15 in Evocations
120130 | Zig:27   | Found the +7 mace of Variability {chain chaos}
120163 | Zig:27   | Got a smoking jade ring
120199 | Zig:27   | Identified the ring "Viulamp" {Fire Int+3} (You found it on
                  | level 27 of a ziggurat)
120212 | Zig:1    | Entered Level 1 of a ziggurat
120273 | Zig:2    | Entered Level 2 of a ziggurat
120317 | Zig:3    | Entered Level 3 of a ziggurat
120377 | Zig:4    | Entered Level 4 of a ziggurat
120557 | Zig:5    | Entered Level 5 of a ziggurat
120584 | Zig:5    | Reached skill level 1 in Crossbows
120597 | Zig:5    | Reached skill level 1 in Charms
120597 | Zig:5    | Reached skill level 1 in Poison Magic
120677 | Zig:6    | Entered Level 6 of a ziggurat
120756 | Zig:6    | Identified Zoit's Disquisition on Companions
120763 | Zig:7    | Entered Level 7 of a ziggurat
120881 | Zig:7    | Got a translucent brass ring
120884 | Zig:7    | Identified the ring "Duckau" {AC+1 Str-3 Int+3} (You found
                  | it on level 7 of a ziggurat)
120892 | Zig:8    | Entered Level 8 of a ziggurat
120942 | Zig:8    | Reached skill level 1 in Bows
121062 | Zig:8    | Reached skill level 5 in Charms
121062 | Zig:8    | Reached skill level 5 in Poison Magic
121063 | Zig:8    | Reached skill level 5 in Crossbows
121080 | Zig:9    | Entered Level 9 of a ziggurat
121227 | Zig:9    | Got a translucent lead ring
121230 | Zig:9    | Identified the ring "Vaets" {*Drain Str+5 SInv} (You found
                  | it on level 9 of a ziggurat)
121236 | Zig:10   | Entered Level 10 of a ziggurat
121258 | Zig:10   | Reached skill level 5 in Bows
121369 | Zig:10   | Identified the Incunabulum of Supportive Dislocation
121398 | Zig:10   | Got a vibrating granite ring
121401 | Zig:10   | Identified the cursed ring of the Good {-Tele rC+++ EV-5
                  | Slay+6} (You found it on level 10 of a ziggurat)
121413 | Zig:11   | Entered Level 11 of a ziggurat
121442 | Zig:11   | Noticed Besyesic the pandemonium lord
121462 | Zig:11   | Killed Besyesic the pandemonium lord
121605 | Zig:11   | Identified The Lost Handbook of the Blind Seer
121629 | Zig:12   | Entered Level 12 of a ziggurat
121874 | Zig:12   | Reached skill level 1 in Long Blades
121874 | Zig:12   | Reached skill level 1 in Axes
121874 | Zig:12   | Reached skill level 1 in Maces & Flails
121874 | Zig:12   | Reached skill level 1 in Polearms
121874 | Zig:12   | Reached skill level 1 in Staves
121874 | Zig:12   | Reached skill level 1 in Slings
121874 | Zig:12   | Reached skill level 1 in Conjurations
121874 | Zig:12   | Reached skill level 1 in Hexes
121874 | Zig:12   | Reached skill level 1 in Summonings
121874 | Zig:12   | Reached skill level 1 in Necromancy
121874 | Zig:12   | Reached skill level 1 in Translocations
121874 | Zig:12   | Reached skill level 1 in Transmutations
121874 | Zig:12   | Reached skill level 1 in Fire Magic
121874 | Zig:12   | Reached skill level 1 in Ice Magic
121874 | Zig:12   | Reached skill level 1 in Air Magic
121874 | Zig:12   | Reached skill level 1 in Earth Magic
121874 | Zig:12   | Reached skill level 1 in Invocations
121876 | Zig:13   | Entered Level 13 of a ziggurat
121984 | Zig:13   | Reached skill level 10 in Poison Magic
121999 | Zig:13   | Reached skill level 10 in Charms
122067 | Zig:13   | Identified Sif Muna's Collected Works on Helpful
                  | Displacement
122101 | Zig:14   | Entered Level 14 of a ziggurat
122114 | Zig:14   | Found the +15 Maxwell's patent armour {-Cast -Tele rElec
                  | MR+ rCorr}
122366 | Zig:14   | Reached skill level 10 in Crossbows
122382 | Zig:15   | Entered Level 15 of a ziggurat
122438 | Zig:15   | Reached skill level 10 in Bows
122468 | Zig:15   | Reached skill level 5 in Summonings
122584 | Zig:15   | Found the ring of the Mage {Wiz MR++ Int+3}
122603 | Zig:15   | Identified the Collected Works on Virous Lightness
122618 | Zig:15   | Identified Zaameoc's Catalogue of Conjuration
122627 | Zig:16   | Entered Level 16 of a ziggurat
122857 | Zig:16   | Identified A Thorough Guide to Spellweaving
122865 | Zig:17   | Entered Level 17 of a ziggurat
122876 | Zig:17   | Noticed Zotsuar the pandemonium lord
122896 | Zig:17   | Killed Zotsuar the pandemonium lord
122934 | Zig:17   | Found the ring of the Octopus King
123120 | Zig:17   | Identified Ymiuned's Tome of Enthralling Stones
123206 | Zig:18   | Entered Level 18 of a ziggurat
123216 | Zig:18   | Gained mutation: Scrolls take you longer to read. [a
                  | shining eye]
123256 | Zig:18   | Paralysed by a floating eye for 2 turns
123270 | Zig:18   | Paralysed by a floating eye for 3 turns
123419 | Zig:18   | Reached skill level 10 in Summonings
123599 | Zig:18   | Identified the Handbook of the Unstable Blaze
123602 | Zig:18   | Identified the Disquisition on Translocation
123606 | Zig:18   | Identified Xumik's Incunabulum of the Shifting Birds
123619 | Zig:19   | Entered Level 19 of a ziggurat
123977 | Zig:19   | Identified the Collected Works on Flames
123985 | Zig:20   | Entered Level 20 of a ziggurat
124362 | Zig:21   | Entered Level 21 of a ziggurat
124368 | Zig:21   | Noticed a juggernaut
124398 | Zig:21   | Killed a juggernaut
124483 | Zig:21   | Noticed a juggernaut
124531 | Zig:21   | Killed a juggernaut
124878 | Zig:21   | Identified the Papyrus of Torrid Translocation
124916 | Zig:22   | Entered Level 22 of a ziggurat
124946 | Zig:22   | Found the +2 pair of boots of the Assassin {Detection Stab+
                  | Stlth++}
124967 | Zig:22   | Found the +8 demon blade "Leech" {vamp, rN+ AC-3 EV-3}
125201 | Zig:22   | Identified the Collected Works on Stolen Souls and Flames
125219 | Zig:22   | Identified Pafotrir's Grimoire of Cold and the Traveller
125236 | Zig:22   | Identified Senasoss's Incunabulum of the Spatial Glacier
125270 | Zig:23   | Entered Level 23 of a ziggurat
125281 | Zig:23   | Noticed an ancient lich
125314 | Zig:23   | Killed an ancient lich
125341 | Zig:23   | Noticed an ancient lich
125356 | Zig:23   | Noticed an ancient lich
125368 | Zig:23   | Noticed an ancient lich
125368 | Zig:23   | Noticed an ancient lich
125371 | Zig:23   | Noticed an ancient lich
125390 | Zig:23   | Killed an ancient lich
125390 | Zig:23   | Reached skill level 5 in Maces & Flails
125391 | Zig:23   | Noticed an ancient lich
125400 | Zig:23   | Killed an ancient lich
125410 | Zig:23   | Noticed an ancient lich
125411 | Zig:23   | Noticed an ancient lich
125433 | Zig:23   | Killed an ancient lich
125452 | Zig:23   | Killed an ancient lich
125496 | Zig:23   | Killed an ancient lich
125508 | Zig:23   | Killed an ancient lich
125599 | Zig:23   | Killed an ancient lich
125607 | Zig:23   | Killed an ancient lich
125764 | Zig:23   | Got a pair of smoking boots
125767 | Zig:23   | Identified the +0 pair of boots of the Ego {MR- Dex+4 SInv}
                  | (You found it on level 23 of a ziggurat)
125787 | Zig:24   | Entered Level 24 of a ziggurat
125793 | Zig:24   | Noticed a greater mummy
125805 | Zig:24   | Noticed a greater mummy
125818 | Zig:24   | Noticed a greater mummy
125824 | Zig:24   | Killed a greater mummy
125847 | Zig:24   | Noticed a greater mummy
125861 | Zig:24   | Killed a greater mummy
125881 | Zig:24   | Noticed a greater mummy
125888 | Zig:24   | Killed a greater mummy
125888 | Zig:24   | Reached skill level 10 in Maces & Flails
125897 | Zig:24   | Noticed a greater mummy
125897 | Zig:24   | Noticed a greater mummy
125903 | Zig:24   | Killed a greater mummy
125904 | Zig:24   | Noticed a greater mummy
125904 | Zig:24   | Noticed a greater mummy
125904 | Zig:24   | Noticed a greater mummy
125904 | Zig:24   | Noticed a greater mummy
125904 | Zig:24   | Noticed a greater mummy
125919 | Zig:24   | Noticed a greater mummy
125919 | Zig:24   | Noticed a greater mummy
125927 | Zig:24   | Noticed a greater mummy
125927 | Zig:24   | Noticed a greater mummy
125927 | Zig:24   | Noticed a greater mummy
125928 | Zig:24   | Noticed a greater mummy
125936 | Zig:24   | Killed a greater mummy
125951 | Zig:24   | Killed a greater mummy
125961 | Zig:24   | Killed a greater mummy
125975 | Zig:24   | Killed a greater mummy
125985 | Zig:24   | Noticed a greater mummy
125987 | Zig:24   | Noticed a greater mummy
125996 | Zig:24   | Killed a greater mummy
126005 | Zig:24   | Killed a greater mummy
126015 | Zig:24   | Killed a greater mummy
126015 | Zig:24   | Reached skill level 27 in Unarmed Combat
126022 | Zig:24   | Killed a greater mummy
126022 | Zig:24   | Reached skill level 27 in Spellcasting
126034 | Zig:24   | Killed a greater mummy
126049 | Zig:24   | Killed a greater mummy
126071 | Zig:24   | Killed a greater mummy
126079 | Zig:24   | Killed a greater mummy
126084 | Zig:24   | Killed a greater mummy
126093 | Zig:24   | Killed a greater mummy
126104 | Zig:24   | Killed a greater mummy
126109 | Zig:24   | Killed a greater mummy
126463 | Zig:24   | Lost mutation: You are weak. (Str -2) [potion of mutation]
126463 | Zig:24   | Lost mutation: You have sharp toenails. [potion of
                  | mutation]
126464 | Zig:24   | Lost mutation: Scrolls take you longer to read. [potion of
                  | mutation]
126464 | Zig:24   | Lost mutation: Scrolls take you a little longer to read.
                  | [potion of mutation]
126466 | Zig:24   | Gained mutation: You are partially covered in icy blue
                  | scales. (AC +2) [potion of mutation]
126467 | Zig:24   | Lost mutation: You are partially covered in icy blue
                  | scales. (AC +2) [potion of mutation]
126467 | Zig:24   | Gained mutation: Scrolls take you a little longer to read.
                  | [potion of mutation]
126467 | Zig:24   | Lost mutation: Scrolls take you a little longer to read.
                  | [potion of mutation]
126468 | Zig:24   | Gained mutation: Your spells are a little harder to cast,
                  | but a little more powerful. [potion of mutation]
126469 | Zig:24   | Lost mutation: Your spells are a little harder to cast, but
                  | a little more powerful. [potion of mutation]
126469 | Zig:24   | Gained mutation: You are occasionally teleported next to
                  | monsters. [potion of mutation]
126470 | Zig:24   | Lost mutation: You are occasionally teleported next to
                  | monsters. [potion of mutation]
126470 | Zig:24   | Gained mutation: You expend magic power (3 MP) to
                  | strengthen your wands. [potion of mutation]
126471 | Zig:24   | Lost mutation: You expend magic power (3 MP) to strengthen
                  | your wands. [potion of mutation]
126471 | Zig:24   | Gained mutation: You have large cloven feet. [potion of
                  | mutation]
126472 | Zig:24   | Lost mutation: You have large cloven feet. [potion of
                  | mutation]
126472 | Zig:24   | Gained mutation: You are robust. (+10% HP) [potion of
                  | mutation]
126473 | Zig:24   | Lost mutation: You are robust. (+10% HP) [potion of
                  | mutation]
126474 | Zig:24   | Gained mutation: You are robust. (+10% HP) [potion of
                  | mutation]
126486 | Zig:25   | Entered Level 25 of a ziggurat
126530 | Zig:25   | Gained mutation: Your movements are slightly less
                  | encumbered by armour. (ER -2) [a neqoxec]
126534 | Zig:25   | Paralysed by accursed screaming for 1 turns
126712 | Zig:25   | Reached skill level 15 in Poison Magic
126724 | Zig:25   | Paralysed by accursed screaming for 2 turns
126747 | Zig:25   | Paralysed by accursed screaming for 1 turns
127153 | Zig:25   | Identified the Compendium of Confrontation
127214 | Zig:26   | Entered Level 26 of a ziggurat
127708 | Zig:26   | Identified Gatepnet's Handbook of Ice and Execration
127711 | Zig:26   | Identified Sif Muna's Tome of Blistering Unholy Arts
127755 | Zig:26   | Identified the Collected Works on the Sinister Glacier
127775 | Zig:27   | Entered Level 27 of a ziggurat
127896 | Zig:27   | Paralysed by accursed screaming for 1 turns
128481 | Zig:27   | Got an ichor-stained crystal plate armour
128482 | Zig:27   | Identified the +0 crystal plate armour of Gote {Str+3 SInv}
                  | (You found it on level 27 of a ziggurat)
128536 | Zig:1    | Entered Level 1 of a ziggurat
128579 | Zig:2    | Entered Level 2 of a ziggurat
128627 | Zig:2    | Learned a level 1 spell: Infusion
128629 | Zig:2    | Learned a level 1 spell: Sting
128631 | Zig:2    | Learned a level 1 spell: Summon Butterflies
128634 | Zig:2    | Learned a level 2 spell: Poisonous Vapours
128637 | Zig:2    | Learned a level 2 spell: Shroud of Golubria
128641 | Zig:2    | Learned a level 3 spell: Ignite Poison
128645 | Zig:2    | Learned a level 3 spell: Spectral Weapon
128649 | Zig:2    | Learned a level 3 spell: Recall
128653 | Zig:2    | Learned a level 3 spell: Ozocubu's Armour
128655 | Zig:2    | Learned a level 1 spell: Sandblast
128659 | Zig:2    | Learned a level 3 spell: Regeneration
128665 | Zig:2    | Got a dazzling great mace
128673 | Zig:3    | Entered Level 3 of a ziggurat
128761 | Zig:4    | Entered Level 4 of a ziggurat
128816 | Zig:4    | Reached skill level 5 in Invocations
128867 | Zig:5    | Entered Level 5 of a ziggurat
128970 | Zig:6    | Entered Level 6 of a ziggurat
128976 | Zig:6    | Found the +5 robe of Misfortune {*Contam Harm *Corrode
                  | *Drain *Slow EV+5}
129104 | Zig:6    | Got dazzling shadow dragon scales
129105 | Zig:6    | Identified the +7 shadow dragon scales "Ykirgh" {rPois rC+
                  | Stlth++++} (You found it on level 6 of a ziggurat)
129109 | Zig:7    | Entered Level 7 of a ziggurat
129228 | Zig:7    | Identified the Volume of the Volcanoes and the Oath
129234 | Zig:8    | Entered Level 8 of a ziggurat
129364 | Zig:9    | Entered Level 9 of a ziggurat
129688 | Zig:10   | Entered Level 10 of a ziggurat
129913 | Zig:10   | Identified the Volume of the Torrid Rocks
129920 | Zig:11   | Entered Level 11 of a ziggurat
130121 | Zig:11   | Found the +9 heavy crossbow "Sniper" {velocity, Acc+∞ SInv}
130139 | Zig:11   | Identified Xolesk's Advanced Steps in Sorcery
130149 | Zig:12   | Entered Level 12 of a ziggurat
130163 | Zig:12   | Noticed Caujoom the pandemonium lord
130225 | Zig:12   | Killed Caujoom the pandemonium lord
130368 | Zig:12   | Identified the Volume of Evil Secrets and the Snowflakes
130393 | Zig:13   | Entered Level 13 of a ziggurat
130654 | Zig:14   | Entered Level 14 of a ziggurat
130664 | Zig:14   | Noticed a juggernaut
130715 | Zig:14   | Killed a juggernaut
130766 | Zig:14   | Reached skill level 5 in Necromancy
130782 | Zig:14   | Reached skill level 5 in Hexes
131010 | Zig:15   | Entered Level 15 of a ziggurat
131036 | Zig:15   | Reached skill level 5 in Conjurations
131050 | Zig:15   | Reached skill level 5 in Transmutations
131064 | Zig:15   | Found the +8 demon trident "Rift" {distort, reach+}
131065 | Zig:15   | Reached skill level 5 in Earth Magic
131078 | Zig:15   | Reached skill level 5 in Translocations
131089 | Zig:15   | Reached skill level 5 in Fire Magic
131089 | Zig:15   | Reached skill level 5 in Air Magic
131277 | Zig:16   | Entered Level 16 of a ziggurat
131295 | Zig:16   | Reached skill level 5 in Ice Magic
131460 | Zig:16   | Slain by an emperor scorpion

Skill      XL: |  1  2  3  4  5  6  7  8  9 10 11 12 13 14 15 16 17 18 19 20 21 22 23 24 25 26 27 |
---------------+----------------------------------------------------------------------------------+-----
Short Blades   | 2 3 4 5 6 7 8 9 10 11 12 13 14 15 16 17 18 19 20 27 | 27.0
Fighting       | 3 4 5 6 7 8 9 10 11 12 13 14 15 16 17 27 | 27.0
Dodging        | 1 2 3 4 5 6 7 8 9 10 11 12 13 14 15 27 | 27.0
Shields        | 3 4 5 6 7 8 9 10 11 12 13 14 15 16 17 27 | 27.0
Armour         | 3 4 5 6 7 8 9 10 11 12 13 14 15 16 27 | 27.0
Stealth        | 1 5 7 9 11 12 13 14 15 16 17 18 19 20 21 27 | 27.0
Unarmed Combat | 27 | 27.0
Spellcasting   | 27 | 27.0
Throwing       | 23 | 23.7
Evocations     | 22 | 22.8
Crossbows      | 13 | 13.0
Charms         | 14 | 14.6
Poison Magic   | 18 | 18.0
Bows           | 11 | 11.9
Long Blades    | 4 |  4.5
Axes           | 4 |  4.7
Maces & Flails | 11 | 11.8
Polearms       | 4 |  4.7
Staves         | 4 |  4.7
Slings         | 4 |  4.7
Conjurations   | 5 |  5.3
Hexes          | 5 |  5.4
Summonings     | 14 | 14.5
Necromancy     | 5 |  5.3
Translocations | 5 |  5.2
Transmutations | 5 |  5.3
Fire Magic     | 5 |  5.2
Ice Magic      | 5 |  5.1
Air Magic      | 5 |  5.1
Earth Magic    | 5 |  5.2
Invocations    | 8 |  8.9

Action                   |  1- 3 |  4- 6 |  7- 9 | 10-12 | 13-15 | 16-18 | 19-21 | 22-24 | 25-27 || total
-------------------------+-------+-------+-------+-------+-------+-------+-------+-------+-------++-------
Melee: Rapier            |    75 |    99 |       |       |       |       |       |       |       ||   174
       Bite              |    13 |    43 |   175 |   443 |   966 |  1091 |  1199 |  1244 | 17591 || 22765
       Short sword       |       |    36 |   445 |   239 |       |       |       |       |       ||   720
       Quick blade       |       |       |       |   956 |  2102 |  2550 |  2693 |  2098 | 26943 || 37342
Invok: Potion Petition   |       |       |     1 |     1 |       |       |     1 |     1 |   145 ||   149
       Call Merchant     |       |       |       |     2 |     2 |     2 |       |     3 |       ||     9
 Abil: Stop Flying       |       |       |       |       |       |       |       |     1 |     2 ||     3
       Evoke Flight      |       |       |       |       |       |       |       |       |     2 ||     2
Evoke: Wand              |       |       |       |     7 |     1 |     2 |       |       |    15 ||    25
       Figurine of a zig |       |       |       |       |       |       |       |       |     2 ||     2
  Use: Scroll            |     3 |       |       |    23 |    17 |     6 |    10 |    11 |    80 ||   150
       Potion            |       |     1 |     2 |       |     3 |     1 |     2 |     8 |    75 ||    92
 Stab: Distracted        |       |       |       |     4 |    14 |    16 |    14 |    23 |   578 ||   649
       Paralysed         |       |       |       |     4 |       |       |       |       |       ||     4
       Sleeping          |       |       |       |       |       |     1 |     4 |    13 |   169 ||   187
       Invisible         |       |       |       |       |       |       |       |     1 |   243 ||   244
       Petrified         |       |       |       |       |       |       |       |       |    19 ||    19
       Confused          |       |       |       |       |       |       |       |       |    11 ||    11
       Petrifying        |       |       |       |       |       |       |       |       |     4 ||     4
  Eat: Chunk             |       |     3 |       |       |       |       |       |       |       ||     3
       Ration            |       |     1 |     2 |     7 |    10 |     8 |     9 |     7 |    85 ||   129
Armor: Scale mail        |    42 |    24 |       |       |       |       |       |       |       ||    66
       Plate armour      |       |    10 |   187 |   233 |   281 |   508 |   408 |   287 |  2554 ||  4468
       Gold dragon scale |       |       |       |       |       |       |       |       |   600 ||   600
Dodge: Dodged            |    30 |    30 |    67 |   121 |   259 |   327 |   286 |   257 |  5587 ||  6964
       Deflected         |       |       |       |       |     9 |     2 |       |       |       ||    11
Block: Shield            |    43 |    65 |   169 |   333 |   709 |   542 |       |       |       ||  1861
       Reflection        |       |       |       |     4 |    44 |    24 |       |       |       ||    72
       Large shield      |       |       |       |       |       |   501 |  1420 |  1042 | 14771 || 17734
